 Dungeon Crawl Stone Soup version 0.19.0-20-gbc5f0c6 (webtiles) character file.

1296162 Gorice the Conqueror (level 27, -5/273 HPs)
             Began as a Hill Orc Berserker on Nov 13, 2016.
             Was the Champion of Trog.
             Slain by a golden dragon skeleton (15 damage)
             ... on level 3 of the Tomb of the Ancients on Nov 17, 2016.
             The game lasted 12:35:24 (118746 turns).

Gorice the Conqueror (Hill Orc Berserker)         Turns: 118746, Time: 12:35:24

Health: -5/273     AC: 55    Str: 33 (34) XL:     27
Magic:  11/12      EV: 28    Int:  7      God:    Trog [******]
Gold:   13559      SH:  0    Dex: 23      Spells: 0 memorised, 26 levels left

rFire  + . .     SeeInvis +     a - +9 executioner's axe (antimagic)
rCold  + + +     Gourm    .     p - +12 gold dragon scales
rNeg   + + .     Faith    .     (shield currently unavailable)
rPois  +         Spirit   .     z - +2 helmet {SInv}
rElec  +         Reflect  .     v - +2 cloak of Zunoaguh {MR+ rCorr Stlth+}
rCorr  +         Harm     .     i - +2 pair of gloves "Juovvive" {+Blink rElec}
MR     ++++.                    D - +2 pair of boots {run}
Stlth  ..........               A - amulet of Elyvilon's Approval {Regen+ Str+3} (curse)
                                Q - ring "Buonnaw" {rC+ rN+ MR+ Str+7 Dex+2}
                                O - ring of Dim Light {rC+ rN+ Dex+2 Slay+3}

@: slowed, very slow
A: blurry vision 1
a: Berserk, Trog's Hand, Brothers in Arms, Burn Spellbooks, Renounce Religion,
Evoke Blink
}: 14/15 runes: serpentine, barnacled, slimy, silver, iron, obsidian, icy, bone,
abyssal, demonic, glowing, magical, fiery, dark


You were on level 3 of the Tomb of the Ancients.
You worshipped Trog.
Trog was exalted by your worship.
You were not hungry.

You visited 17 branches of the dungeon, and saw 85 of its levels.
You visited Pandemonium 5 times, and saw 32 of its levels.
You visited the Abyss 4 times.
You also visited: Labyrinth, Trove, Ossuary, Bailey, Ice Cave and Wizlab.

You collected 16923 gold pieces.
You spent 3364 gold pieces at shops.

Inventory:

Hand Weapons
 a - a +9 antimagic executioner's axe (weapon)
   (Trog gifted it to you on level 3 of the Lair of Beasts)
Missiles
 o - 16 steel javelins (quivered)
 s - 16 silver javelins
 K - 6 poisoned javelins
 U - 23 javelins of penetration
 Y - 7 throwing nets
Armour
 i - the +2 pair of gloves "Juovvive" (worn) {+Blink rElec}
   (You found it in a treasure trove)

   It insulates you from electricity.
   It lets you blink.
 p - +12 gold dragon scales (worn)
 v - the +2 cloak of Zunoaguh (worn) {MR+ rCorr Stlth+}
   (You found it on level 7 of the Iron City of Dis)

   It affects your resistance to hostile enchantments.
   It protects you from acid and corrosion.
   It makes you more stealthy.
 z - a +2 helmet of see invisible (worn)
   (You found it on level 5 of the Vaults)
 D - a +2 pair of boots of running (worn)
   (You found it on level 1 of the Elven Halls)
Rods
 j - a +4 rod of inaccuracy (13/13) {!a}
   (You took it off an efreet in Pandemonium)
 S - a +0 rod of shadows (10/10) {!a}
   (You found it on level 2 of the Dungeon)
Jewellery
 f - an uncursed ring of flight
 A - the cursed amulet of Elyvilon's Approval (around neck) {Regen+ Str+3}
   (You took it off a deep elf demonologist on level 3 of the Elven Halls)

   [amulet of regeneration]

   It affects your strength (+3).
   It increases your rate of regeneration.
   It has a curse placed upon it.
 F - an uncursed ring of protection from fire
 O - the ring of Dim Light (left hand) {rC+ rN+ Dex+2 Slay+3}
   (You found it on level 3 of the Crypt)

   [ring of positive energy]

   It affects your dexterity (+2).
   It affects your accuracy and damage with ranged weapons and melee attacks
   (+3).
   It protects you from cold.
   It protects you from negative energy.
 Q - the ring "Buonnaw" (right hand) {rC+ rN+ MR+ Str+7 Dex+2}
   (You found it on level 3 of the Crypt)

   [ring of positive energy]

   It affects your strength (+7).
   It affects your dexterity (+2).
   It protects you from cold.
   It protects you from negative energy.
   It affects your resistance to hostile enchantments.
Wands
 b - a wand of enslavement (8/24)
 g - a wand of hasting (1/9) {!d}
 h - a wand of digging (10/24)
 m - a wand of heal wounds (0/9) {!d}
 G - a wand of acid (6/15)
 V - a wand of disintegration (10/24)
 Z - a wand of teleportation (6/9) {!d}
Scrolls
 d - 3 scrolls of recharging
 k - 3 scrolls of holy word {!r}
 n - 5 scrolls of summoning {!r}
 r - 10 scrolls of fog
 y - 22 scrolls of teleportation {!r}
 B - a scroll of enchant armour
 C - 12 scrolls of fear {!r}
 E - 2 scrolls of silence {!r}
 I - 4 scrolls of identify
 J - 34 scrolls of remove curse
 P - 12 scrolls of blinking
 R - 10 scrolls of magic mapping {!r}
Potions
 c - 6 potions of resistance {!q}
 e - 13 potions of curing
 q - 3 potions of might {!q}
 t - a potion of cancellation {!q}
 u - 7 potions of invisibility {!q}
 w - 9 potions of agility {!q}
Miscellaneous
 l - a phantom mirror
 H - 8 boxes of beasts
 M - 5 sacks of spiders
Comestibles
 x - 10 meat rations {!e}
 W - 74 fruits


   Skills:
 O Level 27 Fighting
 - Level 26.0 Axes
 + Level 24.9 Throwing
 O Level 27 Armour
 O Level 27 Dodging
 - Level 15.1 Stealth
 + Level 23.3 Evocations


You had 26 spell levels left.
You didn't know any spells.

Dungeon Overview and Level Annotations

Branches:
Dungeon (15/15)            Temple (1/1) D:5            Lair (6/6) D:9
 Shoals (4/4) Lair:4        Snake (4/4) Lair:2        Slime (5/5) Lair:5
    Orc (2/2) D:12            Elf (3/3) Orc:2        Vaults (5/5) D:14
  Crypt (3/3) Vaults:3       Tomb (3/3) Crypt:3      Depths (5/5) D:15
   Hell (1/1)                 Dis (7/7) Hell            Geh (7/7) Hell
    Coc (7/7) Hell            Tar (7/7) Hell            Zot (0/5) Depths:5

Altars:
Ashenzari
Cheibriados
Dithmenos
Elyvilon
Fedhas
Gozag
Hepliaklqana
Kikubaaqudgha
Makhleb
Nemelex Xobeh
Okawaru
Qazlal
Ru
Sif Muna
Trog
Uskayaw
Vehumet
Xom
Yredelemnul
Zin
The Shining One
Beogh
Jiyva

Shops:
D:6 %[%:*   D:8 [   D:9 =   D:14 (   Orc:1 *   Orc:2 [}*?   Elf:2 !%[
Elf:3 }=}   Shoals:2 }}:*(   Vaults:1 [

Portals:
Hell: Depths:1 Depths:2 Depths:3 Depths:4 Depths:5
Abyss: Depths:4
Pandemonium: Orc:2 Depths:3
Ziggurat: Depths:3

Annotations:
D:2 vpUX: Yiuf's house
D:11 vpUX: water island w minor loot
Tomb:3 Khufu
Tar:7 Ereshkigal


Innate Abilities, Weirdness & Mutations

Scrolls take you a little longer to read.


Message History

You feel magically purged.
Your magical contamination has completely faded away.
You feel yourself speed up.
You feel yourself slow down.
The death scarab bites you but does no damage.
The golden dragon skeleton bites you but does no damage.
The golden dragon skeleton barely misses you.
The golden dragon skeleton tramples you but does no damage.
Khufu casts a spell at you. Something smites you!
* * * LOW HITPOINT WARNING * * *
The necrophage hits you but does no damage.
The greater mummy casts a spell.
The mummy priest hits you but does no damage.
The greater mummy casts a spell.
The emperor scorpion completely misses you.
The emperor scorpion claws you but does no damage.
The emperor scorpion misses you. The wraith barely misses you.
A death scarab comes into view.
Unknown command.
Unknown command.
Really read
y - 22 scrolls of teleportation {!r}?
Really read with blurry vision while enemies are nearby?
The death scarab bites you!
* * * LOW HITPOINT WARNING * * *
The death scarab drains your vigour!
You feel yourself slow down.
The death scarab draws strength from your injuries!
The death scarab bites you but does no damage.
The mummy priest calls on the powers of darkness!
Your body is wracked with pain!
* * * LOW HITPOINT WARNING * * *
The emperor scorpion convulses! x4
You begin reading the scroll.
You continue reading the scroll.
The death scarab barely misses you. Khufu misses you.
The necrophage completely misses you.
The greater mummy mumbles some strange words.
The golden dragon skeleton bites you but does no damage.
The golden dragon skeleton completely misses you.
The golden dragon skeleton tramples you but does no damage.
The wraith hits you but does no damage. The emperor scorpion misses you.
The emperor scorpion claws you but does no damage.
The emperor scorpion barely misses you. The mummy priest barely misses you.
Khufu gestures wildly while chanting.
The greater mummy calls on the powers of darkness!
The emperor scorpion convulses!
Your body is wracked with pain!
* * * LOW HITPOINT WARNING * * *
The emperor scorpion convulses! x4; The greater mummy misses you.
The emperor scorpion misses you. The emperor scorpion barely misses you.
The emperor scorpion claws you but does no damage.
The wraith barely misses you. The golden dragon skeleton bites you!
You die...

#?.....#
#......#
#....[.#
#!..4.4#
#..s4ZM#


#ZZMns4# #ZzWnWs# #VMMsMs# #.ns@Ms# #s.WsZs# ######## You could see Khufu, 3
greater mummies, 5 emperor scorpions, 2 mummy priests, a jiangshi, a shadow
wraith (invisible), an orange demon, a hellwing, an ice devil, a rust devil, a
spectral shadow dragon, 2 wraiths, 5 death scarabs, 3 necrophages, a flying
skull, 2 shadow dragon simulacra, a quicksilver dragon skeleton and a golden
dragon skeleton.

Vanquished Creatures
  Cerebov (Pan)
  Antaeus (Coc:7)
  the Royal Jelly (Slime:5)
  Mnoleg (Pan)
  the Serpent of Hell (Geh:7)
  Lom Lobon (Pan)
  Dispater (Dis:7)
  8 pandemonium lords (Pan)
  2 ancient liches
  A juggernaut (Depths:4)
  Sojobo (Depths:1)
  22 greater mummies
  10 shard shrikes
  Geryon (Hell)
  4 golden dragons
  Nikola (Shoals:4)
  Jory (Vaults:4)
  3 doom hounds
  12 bone dragons
  A Hellbinder (WizLab)
  12 Tzitzimimeh
  A hellephant (Abyss:2)
  Jorgrun (Depths:5)
  4 iron giants
  23 Brimstone Fiends
  27 Ice Fiends
  14 Hell Sentinels
  A shard shrike zombie (Crypt:2)
  9 tentacled monstrosities
  13 liches
  5 titans
  Murray (Depths:1)
  5 quicksilver dragons
  18 acid blobs
  2 deep elf blademasters (Elf:3)
  A kraken (Shoals:3)
  26 tentacled starspawn
  Gastronok (D:8)
  11 ancient champions
  13 sphinxes
  13 shadow dragons
  30 Executioners
  A thorn hunter (Depths:2)
  5 storm dragons
  Ilsuiw (Shoals:4)
  12 tengu reavers
  11 nagarajas
  13 fire giants
  8 warmongers (Pan)
  5 revenants
  A draconian knight (Depths:5)
  8 iron dragons
  17 vault wardens
  7 azure jellies (Slime:5)
  11 frost giants
  39 balrugs
  2 ghost moths (Pan)
  5 deep elf sorcerers
  6 curse skulls
  A draconian scorcher (Depths:5)
  28 cacodemons
  A draconian shifter (Abyss:4)
  A deep elf elementalist (Elf:3)
  56 reapers
  4 elemental wellsprings
  An angel (Abyss:2)
  8 ghouls (Crypt:2)
  A caustic shrike zombie (Crypt:1)
  7 blood saints (Pan)
  39 very ugly things
  18 stone giants
  16 ironheart preservers
  2 draconian annihilators (Pan)
  27 war gargoyles
  2 spriggan defenders (Depths:3)
  An entropy weaver (Vaults:5)
  10 black suns (Pan)
  A black draconian (Depths:5)
  16 lorocyprocas
  4 bennus
  7 corrupters (Pan)
  8 vampire knights
  11 deep elf annihilators
  A purple draconian (Abyss:4)
  A white draconian (IceCv)
  10 deep elf demonologists
  3 mottled draconians (Depths:5)
  6 spark wasps
  5 crystal guardians
  26 green deaths
  16 ettins
  5 merfolk javelineers
  12 deep elf death magi
  5 eidola
  6 fire dragons
  24 ice dragons
  24 yaktaur captains
  16 great orbs of eyes
  42 blizzard demons
  16 jiangshi
  A minotaur (Lab)
  12 merfolk impalers
  8 deep elf high priests
  24 mummy priests
  16 death oozes
  2 kraken zombies (Coc:7)
  3 quicksilver dragon zombies
  4 quicksilver dragon skeletons
  16 rakshasas
  A hell beast (WizLab)
  3 hydras
  4 merfolk avatars
  8 monstrous demonspawn
  39 vault guards
  14 naga warriors
  Erica (D:8)
  A juggernaut simulacrum (Pan)
  4 spriggan air magi
  9 centaur warriors
  6 merfolk aquamancers
  7 anacondas
  2 catoblepae
  A satyr (shapeshifter) (Abyss:4)
  3 alligators (Depths:2)
  35 dancing weapons
  6 deep troll shamans
  18 ogre magi
  8 tengu warriors
  7 death knights
  10 hell hogs
  58 death scarabs
  22 naga sharpshooters
  11 vampire magi
  11 thrashing horrors
  3 death yaks (Lair:6)
  6 titan zombies
  10 deep troll earth magi
  3 spriggan berserkers
  Urug (D:13)
  6 shock serpents
  7 storm dragon zombies
  5 orc high priests (Orc:2)
  32 soul eaters
  2 spriggans (Depths:5)
  Sonja (Lair:4)
  31 deep elf knights
  21 iron golems
  11 wretched stars
  2 titan skeletons (Geh:7)
  10 shadow wraiths
  2 ghost moth zombies
  12 iron trolls
  70 sun demons
  2 salamander mystics (Snake:2)
  16 sea snakes
  32 sixfirhies
  5 spatial maelstroms
  6 golden dragon zombies
  9 gelid demonspawn
  6 anaconda zombies
  134 skeletal warriors
  23 small abominations
  20 deep trolls
  2 storm dragon skeletons
  11 naga ritualists
  9 glowing orange brains
  4 swamp dragons (Depths:2)
  11 flayed ghosts
  26 hell knights
  6 infernal demonspawn (Pan)
  A spriggan druid (Elf:2)
  23 deep elf archers
  22 shadow demons
  13 torturous demonspawn
  2 golden dragon skeletons
  10 unseen horrors
  Pikel (D:6)
  A glowing orange brain (shapeshifter) (Depths:4)
  A lindwurm (shapeshifter) (Vaults:4)
  8 wizards
  5 shadow dragon zombies
  7 hill giants
  13 ironbrand convokers
  52 starcursed masses
  2 lindwurms (Lair:6)
  4 anaconda skeletons
  14 harpies
  An orb spider (Abyss:4)
  4 wolf spider zombies
  19 necromancers
  20 phantasmal warriors
  2 harpies (shapeshifter)
  3 tengu skeletons (Vaults:3)
  17 orc knights
  13 mana vipers
  A shining eye (Slime:5)
  7 fire giant zombies
  3 wolf spiders
  11 iron dragon zombies
  9 fauns
  10 orc sorcerers
  33 ugly things
  9 salamanders
  83 deep elf magi
  2 shadow dragon skeletons
  A shock serpent zombie (Dis:6)
  16 manticores
  A salamander (shapeshifter) (Vaults:1)
  5 frost giant zombies
  7 cyclopes
  2 cyclopes (shapeshifter)
  5 worldbinders
  9 stone giant zombies
  9 fire giant skeletons
  9 elephants
  47 black mambas
  4 ice statues
  6 centaur zombies
  A guardian serpent (shapeshifter) (Vaults:2)
  7 human skeletons
  33 rust devils
  4 dire elephant zombies
  8 sirens
  6 iron dragon skeletons
  An apocalypse crab (Abyss:2)
  4 water nymphs
  2 eyes of devastation
  A yellow draconian zombie (Coc:6)
  Maurice (D:9)
  Psyche (D:8)
  5 frost giant skeletons
  2 gargoyles
  47 smoke demons
  18 naga magi
  2 stone giant skeletons
  7 torpor snails
  3 dire elephant skeletons
  19 molten gargoyles
  15 vault sentinels
  33 orange demons
  A rime drake (shapeshifter) (Depths:3)
  5 centaur skeletons
  5 guardian serpents
  5 spectral swamp worms (Depths:4)
  A spiny frog (shapeshifter) (Depths:3)
  30 hellions
  4 spiny frogs
  A yaktaur (shapeshifter) (Depths:1)
  37 ice devils
  12 komodo dragons
  7 efreet
  A catoblepas zombie (Tomb:1)
  3 rime drakes
  A komodo dragon (shapeshifter) (Vaults:4)
  2 kobold demonologists
  28 tormentors
  2 emperor scorpion zombies
  31 freezing wraiths
  81 yaktaurs
  An alligator snapping turtle skeleton (Crypt:1)
  An elf (Vaults:1)
  2 yaktaur skeletons
  13 ancient zymes
  3 anaconda simulacra (Coc:7)
  14 demonic crawlers
  A sea snake skeleton (Crypt:2)
  54 red devils
  49 guardian mummies
  10 hydra zombies
  A harpy zombie (Dis:2)
  A meliai (shapeshifter) (Vaults:2)
  5 tengu conjurers
  18 hellwings (Pan)
  13 polar bears
  14 trolls
  28 merfolk
  A troll (shapeshifter) (Vaults:3)
  3 silent spectres
  9 hornets
  Prince Ribbit (D:5)
  A two-headed ogre (shapeshifter) (Depths:2)
  3 tyrant leeches
  3 harpy skeletons
  Grinder (D:5)
  90 slime creatures
  8 hydra skeletons
  A shadow dragon simulacrum (Abyss:4)
  An iron dragon simulacrum (Coc:6)
  A raiju (shapeshifter) (Elf:1)
  2 stone giant simulacra
  9 wind drakes
  9 bog bodies
  33 two-headed ogres
  4 ettin zombies
  A fire giant simulacrum (Vaults:2)
  A tarantella zombie (Crypt:2)
  4 dream sheep (Shoals:4)
  A guardian serpent zombie (Crypt:2)
  54 raiju
  A frost giant simulacrum (Vaults:3)
  6 alligator zombies
  15 hippogriffs
  12 snapping turtles
  9 fire dragon zombies
  3 blink frogs (Lair:5)
  3 ice dragon zombies
  132 flying skulls
  7 black mamba zombies
  An alligator skeleton (Geh:7)
  8 air elementals
  4 fire dragon skeletons
  12 ushabtiu
  21 water elementals
  3 ettin skeletons
  75 large abominations
  25 shadows
  38 wraiths
  6 wyverns
  60 yaks
  A centaur simulacrum (D:15)
  3 ice dragon skeletons
  A tarantella (shapeshifter) (Vaults:4)
  43 ynoxinuls
  2 vampires
  8 fire bats
  4 basilisks
  39 chaos spawn
  A black mamba skeleton (Tar:6)
  23 neqoxecs
  A human (shapeshifter) (Elf:3)
  5 hungry ghosts
  Eustachio (D:4)
  A golden eye (Slime:5)
  21 fire elementals
  3 golden eyes (shapeshifter)
  Menkaure (D:7)
  A human simulacrum (Vaults:1)
  3 vampire mosquitoes
  48 nagas
  A red draconian simulacrum (Abyss:4)
  8 spatial vortices
  5 mottled dragons
  6 wargs
  A swamp worm (shapeshifter) (Vaults:5)
  4 swamp worms (Depths:2)
  4 insubstantial wisps (Abyss:4)
  A merfolk zombie (Coc:6)
  2 hydra simulacra
  76 hell hounds
  A water moccasin (shapeshifter) (Depths:4)
  A deep troll skeleton (Vaults:3)
  2 floating eyes
  8 porcupines
  16 water moccasins
  5 sky beasts
  55 orc warriors
  10 spiny frog zombies
  An alligator simulacrum (Hell)
  2 hornet zombies
  2 slaves (D:6)
  3 spiny frog skeletons
  10 ice beasts
  A meliai simulacrum (D:14)
  4 eyes of draining
  2 manticore zombies
  2 snapping turtle zombies
  3 black bears
  2 swamp dragon zombies
  5 phantoms
  17 wolves
  A black mamba simulacrum (Hell)
  An ogre (shapeshifter) (Depths:5)
  68 ogres
  22 necrophages
  A snapping turtle skeleton (Geh:5)
  26 boggarts
  10 centaurs
  15 crocodiles
  3 swamp dragon skeletons
  2 elf zombies
  4 big kobolds
  A big kobold (shapeshifter) (Abyss:4)
  19 bullfrogs
  8 gnoll sergeants (Bailey)
  4 earth elementals
  3 wyvern skeletons (D:12)
  6 scorpions
  A water moccasin skeleton (D:10)
  A troll zombie (Geh:7)
  A killer bee (D:4)
  3 howler monkeys
  49 wights
  6 electric eels
  18 crimson imps
  A bullfrog zombie (D:9)
  6 gnoll shamans (Bailey)
  10 hounds
  4 jellies
  36 orc priests
  6 quasits
  A human zombie (Tomb:3)
  40 orc wizards
  5 bullfrog skeletons
  19 iron imps
  10 iguanas
  11 worker ants
  A lightning spire (Abyss:3)
  A naga zombie (Dis:5)
  7 big kobold zombies
  A bullfrog simulacrum (D:12)
  An ogre skeleton (Crypt:2)
  3 hound skeletons
  29 mummies
  2 worker ant zombies
  12 gnolls
  12 adders
  A steam dragon skeleton (Crypt:2)
  9 shadow imps
  6 white imps
  3 ufetubi
  2 oozes
  2 adder zombies
  4 adder skeletons
  An iguana skeleton (Crypt:2)
  A lava snake skeleton (Crypt:1)
  5 worms
  4 ball lightnings (Pan)
  4 dart slugs
  4 leopard geckos
  123 orcs
  2 spectral bats (Ossuary)
  11 bats
  4 giant cockroaches
  4 gnoll zombies (Ossuary)
  6 hobgoblins
  8 jackals
  5 kobolds
  8 quokkas
  A ball python (D:2)
  5 bat simulacra (Ossuary)
  6 frilled lizards
  2 giant cockroach zombies
  4 goblins
  A goblin simulacrum (Ossuary)
  3 goblin zombies (Ossuary)
  4 hobgoblin zombies (Ossuary)
  A jackal skeleton (D:4)
  5 kobold simulacra (Ossuary)
  6 kobold zombies
  A leopard gecko skeleton (D:8)
  A leopard gecko zombie (D:1)
  7 orc zombies
  A quokka zombie (Crypt:2)
  5 rats
  3 rat simulacra (Ossuary)
  5 spectral kobolds (Ossuary)
  5 spectral rats (Ossuary)
  2 briar patches (Depths:2)
  4 bushes (Shoals:2)
  4 crawling corpses (Elf:3)
  2 fire vortices (Geh:5)
  4 fungi
  A lurking horror (Abyss:4)
  17 plants
  29 starspawn tentacles
  7 tentacles
5125 creatures vanquished.

Vanquished Creatures (collateral kills)
  Asmodeus (Geh:7)
  Gloorx Vloq (Pan)
  A doom hound (Tar:7)
  The ghost of Lochraine the Severer, an adept FoFi of Dithmenos (Slime:1)
  A Hell Sentinel (Pan)
  Polyphemus (Shoals:2)
  2 deep elf master archers (Elf:3)
  A shadow dragon (Tar:7)
  Louise (Shoals:2)
  A cacodemon (Pan)
  A balrug (Pan)
  A deep elf elementalist (Elf:3)
  A deep elf demonologist (Elf:3)
  2 deep elf annihilators (Elf:3)
  3 deep elf death magi (Elf:3)
  A green death (Dis:7)
  6 hydras
  2 catoblepae
  2 death yaks (Shoals:2)
  A small abomination (Elf:3)
  A sun demon (Pan)
  A naga sharpshooter (Snake:4)
  3 iron golems (Dis:7)
  A skeletal warrior (Vaults:2)
  A torturous demonspawn (Pan)
  A lindwurm (Lair:6)
  A cyclops (Vaults:2)
  2 salamanders (Snake:2)
  A shining eye (Slime:5)
  A guardian serpent (Snake:3)
  2 naga magi
  A komodo dragon (Lair:3)
  2 orange demons (Pan)
  A hellwing (Pan)
  A rime drake (Lair:3)
  2 merfolk (Shoals:4)
  A tyrant leech (Lair:6)
  3 hornets
  A polar bear (IceCv)
  4 slime creatures (Slime:1)
  2 dream sheep (Lair:6)
  A ynoxinul (Pan)
  A neqoxec (Pan)
  3 nagas
  A mottled dragon (Vaults:2)
  An insubstantial wisp (Abyss:4)
  A slave (D:6)
  2 ogres
  3 gnolls (Bailey)
  An adder (D:12)
  A crawling corpse (Elf:3)
79 creatures vanquished.

Vanquished Creatures (others)
  A shard shrike (Coc:7)
  7 eldritch tentacles
  A tentacled starspawn (Abyss:4)
  A deep elf sorcerer (Elf:1)
  A balrug (Pan)
  2 blizzard demons (Coc:7)
  8 death scarabs
  2 hell hogs
  A soul eater (Hell)
  A sixfirhy (Pan)
  A shadow wraith (Abyss:3)
  A harpy (shapeshifter) (Depths:2)
  A deep elf mage (Elf:1)
  3 large abominations (Abyss:4)
  A harpy skeleton (Tomb:2)
  2 raiju (Abyss:4)
  6 flying skulls
  A starcursed mass (Abyss:4)
  A wraith (Dis:3)
  2 chaos spawn
  A fire elemental (Hell)
  3 spatial vortices (Abyss:4)
  2 hell hounds (Dis:7)
  3 boggarts
  5 small abominations
  A wight (Dis:1)
  A big kobold zombie (Ossuary)
  A tengu zombie (Geh:1)
  4 mummies
  12 ball lightnings (Pan)
  An orc (D:13)
  A gnoll zombie (Ossuary)
  A bat simulacrum (Ossuary)
  A kobold zombie (Ossuary)
  An orc skeleton (Geh:5)
  11 fungi
  A lurking horror (Abyss:4)
  41 plants
  31 starspawn tentacles
  6 tentacles
172 creatures vanquished.

Grand Total: 5376 creatures vanquished

Notes
Turn   | Place    | Note
-------+----------+-------------------------------------------
     0 | D:1      | Gorice the Hill Orc Berserker began the quest for the Orb.
     0 | D:1      | Reached XP level 1. HP: 19/19 MP: 1/1
   320 | D:1      | Reached XP level 2. HP: 26/26 MP: 2/2
   586 | D:1      | Reached skill level 5 in Axes
   851 | D:1      | Reached XP level 3. HP: 22/31 MP: 3/3
  1135 | D:2      | Identified a +0 rod of shadows (10/10) (You found it on level 2 of the Dungeon)
  1160 | D:2      | Reached skill level 3 in Armour
  1206 | D:2      | Reached XP level 4. HP: 39/39 MP: 4/4
  1294 | D:2      | Reached ** piety under Trog
  1896 | D:3      | Noticed a moth of wrath
  1901 | D:3      | Found a bloodstained altar of Trog.
  1974 | D:3      | Reached skill level 6 in Axes
  2504 | D:3      | Found a hazy altar of Hepliaklqana.
  3040 | D:3      | Reached XP level 5. HP: 45/45 MP: 5/5
  3122 | D:4      | Found a sand-covered staircase.
  3268 | Ossuary  | Entered an ossuary
  3378 | Ossuary  | Reached *** piety under Trog
  3451 | Ossuary  | Reached skill level 4 in Armour
  3721 | Ossuary  | Reached skill level 7 in Axes
  3750 | Ossuary  | Reached XP level 6. HP: 48/51 MP: 6/6
  4429 | D:3      | Reached skill level 8 in Axes
  4486 | D:3      | Reached skill level 5 in Armour
  4486 | D:3      | Reached XP level 7. HP: 57/57 MP: 7/7
  4546 | D:4      | Reached **** piety under Trog
  4641 | D:4      | Found a snail-covered altar of Cheibriados.
  4713 | D:4      | Reached skill level 9 in Axes
  5294 | D:5      | Entered Level 5 of the Dungeon
  5294 | D:5      | Noticed Eustachio
  5356 | D:4      | Killed Eustachio
  5356 | D:4      | Reached skill level 10 in Axes
  5390 | D:4      | Reached XP level 8. HP: 57/64 MP: 8/8
  5399 | D:5      | Found a staircase to the Ecumenical Temple.
  5423 | Temple   | Entered the Ecumenical Temple
  5492 | D:5      | Reached skill level 6 in Armour
  5719 | D:5      | Found an iron altar of Okawaru.
  5883 | D:5      | Found a stormy altar of Qazlal.
  5926 | D:5      | Reached skill level 11 in Axes
  6037 | D:5      | Noticed Prince Ribbit
  6049 | D:5      | Killed Prince Ribbit
  6235 | D:5      | Reached skill level 7 in Armour
  6519 | D:5      | Noticed Grinder
  6563 | D:5      | Paralysed by Grinder for 3 turns
  6565 | D:5      | HP: 19/64 [Grinder (5)]
  6571 | D:5      | Killed Grinder
  6571 | D:5      | Reached skill level 12 in Axes
  6571 | D:5      | Reached XP level 9. HP: 43/70 MP: 9/9
  6920 | D:6      | Found Yce Xiag's Antique Armour Shoppe.
  6926 | D:6      | Found Mogiupul's Food Shop.
  6983 | D:6      | Bought a slimy chain mail for 256 gold pieces
  7006 | D:6      | Identified the +3 chain mail of Fortitude {*Slow rElec rPois MR++} (You bought it in a shop on level 6 of the Dungeon)
  7040 | D:6      | Found Jasinir's Book Boutique.
  7071 | D:6      | Noticed Pikel
  7107 | D:6      | Killed Pikel
  7107 | D:6      | Reached skill level 8 in Armour
  7107 | D:6      | Reached skill level 2 in Evocations
  7232 | D:6      | Found Goacosh's General Store.
  7350 | D:6      | Reached skill level 13 in Axes
  7359 | D:6      | Found Dinitzau's Food Emporium.
  7710 | D:6      | Identified a scroll of acquirement
  7713 | D:6      | --Oh FFS: 2nd HOBe, 2nd time a battle axe of distort is the first decent axe I find!
  7978 | D:7      | Found a basalt altar of Yredelemnul.
  7994 | D:7      | Reached skill level 3 in Evocations
  8319 | D:7      | Noticed Menkaure
  8331 | D:7      | Killed Menkaure
  8442 | D:7      | Reached skill level 4 in Evocations
  8899 | D:8      | Reached ***** piety under Trog
  8925 | D:8      | Reached XP level 10. HP: 66/77 MP: 13/13
  8974 | D:8      | Found a flagged portal.
  8984 | Bailey   | Entered a bailey
  9007 | Bailey   | Reached skill level 5 in Evocations
  9167 | Bailey   | Reached skill level 14 in Axes
  9458 | Bailey   | Reached skill level 4 in Fighting
  9760 | Bailey   | Received a gift from Trog
  9828 | Bailey   | Reached skill level 6 in Evocations
  9843 | Bailey   | Paralysed by fainting for 10 turns
 10293 | D:8      | Noticed Gastronok
 10328 | D:8      | Killed Gastronok
 10328 | D:8      | Reached skill level 6 in Fighting
 10328 | D:8      | Reached skill level 7 in Evocations
 10339 | D:8      | Reached skill level 7 in Fighting
 10623 | D:8      | Got a warped ring mail
 10687 | D:8      | Found Tus Toank's Antique Armour Shop.
 10814 | D:8      | Noticed Psyche
 10827 | D:8      | Killed Psyche
 10827 | D:8      | Reached skill level 8 in Evocations
 10827 | D:8      | Reached XP level 11. HP: 87/94 MP: 15/17
 10854 | D:8      | Reached skill level 8 in Fighting
 10863 | D:8      | Noticed Erica
 10873 | D:8      | Killed Erica
 11025 | D:8      | Identified the +1 ring mail of the Bouncing Orbs {rC+} (You found it on level 8 of the Dungeon)
 11039 | D:9      | Found Gukus's Jewellery Shop.
 11271 | D:9      | Noticed Maurice
 11421 | D:8      | Reached skill level 9 in Fighting
 11477 | D:9      | Killed Maurice
 11722 | D:9      | Found a staircase to the Lair.
 11955 | D:9      | Found a shattered altar of Ashenzari.
 12067 | Lair:1   | Entered Level 1 of the Lair of Beasts
 12128 | Lair:1   | Reached skill level 15 in Axes
 12596 | Lair:1   | Reached skill level 10 in Fighting
 12687 | Lair:1   | Noticed a catoblepas
 12720 | Lair:1   | Killed a catoblepas
 12805 | Lair:1   | Received a gift from Trog
 13073 | Lair:2   | Found a staircase to the Snake Pit.
 13945 | Lair:3   | Reached skill level 11 in Fighting
 13947 | Lair:3   | Found a frozen archway.
 14013 | IceCv    | Entered an ice cave
 14023 | IceCv    | Reached skill level 16 in Axes
 14023 | IceCv    | Reached XP level 12. HP: 100/110 MP: 18/18
 14078 | IceCv    | HP: 45/165 [polar bear (5)]
 14083 | IceCv    | HP: 42/165 [polar bear (3)]
 14101 | IceCv    | HP: 31/111 [polar bear (1)]
 14665 | IceCv    | Reached skill level 12 in Fighting
 15198 | IceCv    | Noticed a white draconian
 15232 | IceCv    | Killed a white draconian
 15232 | IceCv    | Reached skill level 17 in Axes
 15232 | IceCv    | Reached skill level 9 in Armour
 15761 | Lair:3   | Received a gift from Trog
 15872 | Lair:3   | Noticed a four-headed hydra
 15880 | Lair:3   | Killed an eight-headed hydra
 15906 | Lair:3   | Reached skill level 10 in Armour
 16286 | Lair:3   | Reached XP level 13. HP: 94/118 MP: 19/19
 16660 | Lair:4   | Reached skill level 18 in Axes
 16703 | Lair:4   | Found a staircase to the Shoals.
 16798 | Lair:4   | Noticed Sonja
 16809 | Lair:4   | Killed Sonja
 16813 | Lair:4   | Reached skill level 11 in Armour
 18071 | Lair:5   | Got a sparkling tin ring
 18073 | Lair:5   | Identified the cursed ring "Onlo" {rC+ Str+3 Int-5 Slay+3} (You found it on level 5 of the Lair of Beasts)
 18118 | Lair:5   | Found a staircase to the Slime Pits.
 18132 | Lair:5   | Found a viscous altar of Jiyva.
 18801 | D:8      | Bought a runed plate armour for 870 gold pieces
 18949 | Lair:6   | Entered Level 6 of the Lair of Beasts
 19042 | Lair:6   | Found a runed door.
 19050 | Lair:6   | Reached skill level 12 in Armour
 19217 | Lair:6   | Reached skill level 19 in Axes
 19295 | Lair:6   | HP: 35/118 [poisoned by a hornet]
 19300 | Lair:6   | HP: 32/118 [poisoned by a hornet]
 19306 | Lair:6   | HP: 30/118 [poisoned by a hornet]
 19311 | Lair:6   | HP: 30/118 [poisoned by a hornet]
 19318 | Lair:6   | HP: 30/118 [poisoned by a hornet]
 19326 | Lair:6   | HP: 30/118 [poisoned by a hornet]
 20068 | Lair:5   | Received a gift from Trog
 20070 | Lair:5   | Reached XP level 14. HP: 112/126 MP: 20/20
 20073 | Lair:5   | Reached skill level 13 in Armour
 20078 | Lair:5   | Got a warped broad axe {god gift}
 20083 | Lair:5   | Identified the +5 broad axe "Hydrabane" {holy, Int+4} (Trog gifted it to you on level 5 of the Lair of Beasts)
 20570 | Lair:6   | Reached skill level 20 in Axes
 21977 | D:10     | Entered Level 10 of the Dungeon
 22430 | D:10     | Reached skill level 14 in Armour
 22892 | D:11     | Reached skill level 13 in Fighting
 23171 | D:11     | Received a gift from Trog
 23899 | D:11     | Found a roughly hewn altar of Beogh.
 24064 | Lair:1   | Gained mutation: You have sharp toenails. [potion of beneficial mutation]
 24204 | D:12     | Received a gift from Trog
 24285 | D:12     | Paralysed by a hornet for 1 turns
 24333 | D:12     | HP: 38/129 [poisoned by an ogre mage (bolt of poison)]
 24339 | D:12     | HP: 36/129 [poisoned by an ogre mage (bolt of poison)]
 24344 | D:12     | HP: 36/129 [poisoned by an ogre mage (bolt of poison)]
 24351 | D:12     | HP: 36/129 [poisoned by an ogre mage (bolt of poison)]
 24356 | D:12     | HP: 36/129 [poisoned by an ogre mage (bolt of poison)]
 25002 | D:12     | Reached skill level 14 in Fighting
 25011 | D:12     | Noticed a frost giant
 25033 | D:12     | Reached skill level 15 in Armour
 25222 | D:12     | Reached XP level 15. HP: 103/138 MP: 21/21
 25468 | D:12     | Killed a frost giant
 25487 | D:12     | Noticed a fire giant
 25499 | D:12     | Killed a fire giant
 26100 | D:12     | Found a staircase to the Orcish Mines.
 26134 | D:12     | Found a roughly hewn altar of Beogh.
 26537 | Orc:1    | Entered Level 1 of the Orcish Mines
 26614 | Orc:1    | Found a burning altar of Makhleb.
 26692 | Orc:2    | Entered Level 2 of the Orcish Mines
 26748 | Orc:1    | Received a gift from Trog
 27128 | Orc:2    | Found Uciqienn's General Store.
 27149 | Orc:2    | Found Rihad's Magic Scroll Emporium.
 27601 | Orc:2    | Reached skill level 15 in Fighting
 27706 | Orc:2    | Found a staircase to the Elven Halls.
 27783 | Orc:1    | Found Puesy's Assorted Antiques.
 27799 | Orc:1    | Bought a scroll labeled VIUDGH JYOLYKE for 29 gold pieces
 27853 | Orc:1    | Reached skill level 2 in Dodging
 28081 | Orc:2    | Paralysed by an orc sorcerer for 3 turns
 28520 | Orc:2    | Reached skill level 3 in Dodging
 28542 | Orc:2    | Reached skill level 16 in Armour
 28603 | Orc:2    | Received a gift from Trog
 28761 | Orc:2    | Reached skill level 4 in Dodging
 28911 | Orc:2    | Found Qeacuynn's Gadget Boutique.
 28911 | Orc:2    | Found a one-way gate leading to the halls of Pandemonium.
 28911 | Orc:2    | Found Kinloish's Antique Armour Shop.
 29290 | D:13     | Found a labyrinth entrance.
 29314 | Lab      | Entered a labyrinth
 29597 | Lab      | Got a pair of crude boots
 29597 | Lab      | Got a pearl-studded plate armour
 29608 | Lab      | Identified the -7 pair of boots of Panentheism {rPois Int+3} (You found it in a labyrinth)
 29628 | Lab      | Identified the +1 plate armour of Filth {rF- rN+ Regen+ Dex+4} (You found it in a labyrinth)
 29860 | D:13     | Reached skill level 5 in Dodging
 30124 | D:13     | Noticed Urug
 30146 | D:13     | Killed Urug
 30281 | D:13     | Noticed a tengu reaver
 30312 | D:13     | Killed a tengu reaver
 30312 | D:13     | Reached skill level 9 in Evocations
 30316 | D:13     | Reached skill level 6 in Dodging
 30634 | D:13     | Reached XP level 16. HP: 133/149 MP: 22/22
 31114 | D:14     | Found Omuit's Antique Weapon Emporium.
 31149 | D:14     | Identified Magic for Novices
 31176 | D:14     | Found a sacrificial altar of Ru.
 31297 | D:14     | Reached skill level 7 in Dodging
 31304 | D:14     | Reached ****** piety under Trog
 31354 | D:14     | Found a gate to the Vaults.
 31474 | D:14     | Received a gift from Trog
 31950 | D:15     | Entered Level 15 of the Dungeon
 32057 | D:15     | Reached skill level 8 in Dodging
 32338 | D:15     | Found a staircase to the Depths.
 32373 | D:15     | Reached skill level 10 in Evocations
 32595 | D:15     | Found a white marble altar of Elyvilon.
 33076 | D:15     | Found a blossoming altar of Fedhas.
 33382 | Snake:1  | Entered Level 1 of the Snake Pit
 33795 | Snake:1  | Reached skill level 9 in Dodging
 33802 | Snake:1  | Received a gift from Trog
 35216 | Snake:2  | Reached skill level 10 in Dodging
 35452 | Snake:2  | Reached skill level 11 in Evocations
 35494 | Snake:2  | Found a radiant altar of Vehumet.
 35546 | Snake:2  | Reached XP level 17. HP: 57/156 MP: 25/25
 36381 | Snake:2  | Reached skill level 11 in Dodging
 37761 | Snake:3  | Received a gift from Trog
 37768 | Snake:3  | Reached skill level 12 in Evocations
 38679 | Snake:4  | Entered Level 4 of the Snake Pit
 40344 | Snake:4  | Received a gift from Trog
 40351 | Snake:4  | Got an ancient battleaxe {god gift}
 40625 | Snake:3  | Identified the +7 battleaxe "Ethyef" {freeze, Dex+4} (Trog gifted it to you on level 4 of the Snake Pit)
 40638 | Snake:4  | Reached XP level 18. HP: 162/163 MP: 27/27
 40900 | Snake:4  | Reached skill level 17 in Armour
 40900 | Snake:4  | Reached skill level 12 in Dodging
 41246 | Snake:4  | Reached skill level 13 in Evocations
 41524 | Snake:4  | HP: 39/163 [naga sharpshooter/bolt (13)]
 41525 | Snake:4  | HP: 16/163 [naga sharpshooter/bolt (8)]
 41530 | Snake:4  | HP: 34/163 [poisoned by a naga sharpshooter (splash of poison)]
 41549 | Snake:4  | HP: 24/163 [naga sharpshooter/bolt (21)]
 42294 | Snake:4  | Got a serpentine rune of Zot
 42640 | Shoals:1 | Entered Level 1 of the Shoals
 42836 | Shoals:1 | Received a gift from Trog
 43476 | Shoals:2 | Found Katolataa's Book Emporium.
 43489 | Shoals:2 | Found Vuxoavei's Weapon Shoppe.
 43540 | Shoals:2 | Found Egroserph's General Store.
 43551 | Shoals:2 | Bought a scroll of enchant armour for 97 gold pieces
 43581 | Shoals:2 | Found Imits's Gadget Emporium.
 43712 | Shoals:2 | Noticed Polyphemus
 43730 | Shoals:2 | Killed Polyphemus
 43741 | Shoals:2 | HP: 47/163 [poisoned by a sea snake]
 43746 | Shoals:2 | HP: 41/163 [poisoned by a sea snake]
 43751 | Shoals:2 | HP: 38/163 [poisoned by a sea snake]
 43756 | Shoals:2 | HP: 36/163 [poisoned by a sea snake]
 43762 | Shoals:2 | HP: 35/163 [poisoned by a sea snake]
 43768 | Shoals:2 | HP: 35/163 [poisoned by a sea snake]
 43776 | Shoals:2 | HP: 36/163 [poisoned by a sea snake]
 43866 | Shoals:2 | HP: 45/163 [snapping turtle (14)]
 44124 | Shoals:2 | Noticed Louise
 44128 | Shoals:2 | Found Linareaq's Gadget Shoppe.
 44133 | Shoals:2 | Killed Louise
 44814 | Shoals:3 | Received a gift from Trog
 44988 | Shoals:3 | Reached skill level 14 in Evocations
 45055 | Shoals:3 | Reached skill level 18 in Armour
 45055 | Shoals:3 | Reached skill level 13 in Dodging
 45670 | Shoals:4 | Entered Level 4 of the Shoals
 45736 | Shoals:4 | Reached XP level 19. HP: 120/170 MP: 29/29
 46189 | Shoals:4 | Noticed Ilsuiw
 46207 | Shoals:4 | Noticed Nikola
 46224 | Shoals:4 | Received a gift from Trog
 46329 | Shoals:4 | Killed Nikola
 46381 | Shoals:4 | HP: 47/170 [snapping turtle (8)]
 46476 | Shoals:4 | HP: 49/170 [merfolk/trident (13)]
 47218 | Shoals:4 | Found Tiris's Magic Scroll Boutique.
 47276 | Shoals:4 | Reached skill level 15 in Evocations
 47392 | Shoals:4 | Bought a scroll of blinking for 105 gold pieces
 47873 | Shoals:4 | Reached skill level 19 in Armour
 47929 | Shoals:4 | Got a barnacled rune of Zot
 49119 | Vaults:1 | Entered Level 1 of the Vaults
 49168 | Vaults:1 | Reached skill level 1 in Throwing
 49281 | Vaults:1 | Received a gift from Trog
 49379 | Vaults:1 | Reached skill level 2 in Throwing
 49598 | Vaults:1 | Reached skill level 3 in Throwing
 49809 | Vaults:1 | Reached skill level 16 in Fighting
 49825 | Vaults:1 | Reached skill level 4 in Throwing
 50309 | Vaults:1 | Reached XP level 20. HP: 164/181 MP: 31/31
 50373 | Vaults:1 | Received a gift from Trog
 50376 | Vaults:1 | Got a polished rapier {god gift}
 50446 | Vaults:1 | Reached skill level 5 in Throwing
 50830 | Vaults:1 | Found Daameaku's Armour Emporium.
 50866 | Vaults:1 | Reached skill level 6 in Throwing
 51212 | Vaults:2 | Reached skill level 17 in Fighting
 51600 | Vaults:2 | HP: 55/184 [vault warden/enchanted great mace (21)]
 51612 | Vaults:2 | HP: 54/184 [mottled dragon (2)]
 51613 | Vaults:2 | Reached skill level 7 in Throwing
 51618 | Vaults:2 | HP: 48/184 [skeletal warrior/battleaxe (8)]
 52277 | Vaults:2 | Received a gift from Trog
 52329 | Vaults:2 | Reached skill level 8 in Throwing
 52661 | Vaults:2 | Reached skill level 18 in Fighting
 53166 | Vaults:3 | Received a gift from Trog
 53396 | Vaults:3 | Reached skill level 9 in Throwing
 53714 | Vaults:3 | Reached XP level 21. HP: 195/195 MP: 32/32
 54148 | Vaults:3 | Got a twitching pewter ring
 54150 | Vaults:3 | Identified the ring of Activism {rF- Str+3 Int+5} (You found it on level 3 of the Vaults)
 54315 | Vaults:3 | Reached skill level 10 in Throwing
 54649 | Vaults:3 | Reached skill level 19 in Fighting
 54671 | Vaults:3 | Received a gift from Trog
 54749 | Vaults:3 | Found a staircase to the Crypt.
 55366 | Vaults:4 | Received a gift from Trog
 55480 | Vaults:4 | Noticed Jory
 55503 | Vaults:4 | Killed Jory
 55670 | Vaults:4 | Received a gift from Trog
 55755 | Vaults:4 | Reached skill level 21 in Axes
 55861 | Vaults:4 | Received a gift from Trog
 55935 | Vaults:4 | Reached skill level 20 in Fighting
 56879 | D:14     | Bought a runed executioner's axe for 592 gold pieces
 57129 | D:11     | Received a gift from Trog
 57130 | D:11     | Got a twisted war axe {god gift}
 57288 | Elf:1    | Entered Level 1 of the Elven Halls
 57310 | Elf:1    | Reached skill level 22 in Axes
 57349 | Elf:1    | Reached XP level 22. HP: 209/209 MP: 33/33
 57874 | Elf:1    | Received a gift from Trog
 58007 | Elf:1    | Identified a +2 pair of boots of running (You found it on level 1 of the Elven Halls)
 58007 | Elf:1    | --sweet!
 58914 | Elf:2    | Reached skill level 23 in Axes
 58942 | Elf:2    | Found Axodunt's Distillery.
 58944 | Elf:2    | Found Afyshaq's Food Emporium.
 58946 | Elf:2    | Found Wysoch Goschy's Armour Shoppe.
 59060 | Elf:2    | Found a portal to a secret trove of treasure.
 59156 | Elf:2    | Received a gift from Trog
 59628 | Elf:2    | Found a runed gate.
 59628 | Elf:2    | Found a runed gate.
 59628 | Elf:2    | Found a runed gate.
 59762 | Elf:2    | HP: 61/209 [deep elf mage/lance of force (4)]
 60000 | Elf:2    | Received a gift from Trog
 60365 | Elf:2    | Received a gift from Trog
 60383 | Elf:2    | Reached skill level 24 in Axes
 60686 | Elf:3    | Entered Level 3 of the Elven Halls
 60723 | Elf:3    | Received a gift from Trog
 60777 | Elf:3    | Found a magical portal.
 60826 | WizLab   | Entered The Hall of the Hellbinder
 62129 | WizLab   | Found a burning altar of Makhleb.
 62161 | WizLab   | Identified the Handbook of Summoning
 62199 | WizLab   | Identified the Tome of Calling
 62733 | Elf:3    | Reached skill level 25 in Axes
 63007 | Elf:3    | Found Vibaz's Jewellery Shoppe.
 63008 | Elf:3    | Found Lule's Gadget Shop.
 63008 | Elf:3    | Found Liadez's Gadget Shop.
 63016 | Elf:3    | Bought an uncursed amulet of regeneration for 480 gold pieces
 63092 | Elf:3    | Received a gift from Trog
 63113 | Elf:3    | HP: 60/209 [earth elemental[a deep elf elementalist] (5)]
 63431 | Elf:3    | Reached XP level 23. HP: 158/215 MP: 34/34
 63486 | Elf:3    | Got a slimy platinum amulet
 63492 | Elf:3    | Identified the amulet of Elyvilon's Approval {Regen+ Str+3} (You took it off a deep elf demonologist on level 3 of the Elven Halls)
 63734 | Elf:3    | HP: 60/215 [earth elemental[a deep elf elementalist] (5)]
 63737 | Elf:3    | HP: 24/215 [deep elf master archer/arrow (21)]
 63754 | Elf:3    | HP: 63/215 [sun demon[a deep elf mage] (7)]
 63757 | Elf:3    | Received a gift from Trog
 63785 | Elf:3    | HP: 50/215 [small abomination[a deep elf death mage] (12)]
 63852 | Elf:3    | Reached skill level 26 in Axes
 64028 | Elf:3    | Got a translucent lapis lazuli ring
 64101 | Elf:3    | Identified the ring "Zoxtap" {Wiz rPois rF- rN+ SInv} (You took it off a deep elf demonologist on level 3 of the Elven Halls)
 65010 | Elf:3    | Got an ichor-stained chain mail
 65103 | Elf:3    | Identified the Guide on Shifting Envenoming
 65182 | Elf:3    | Identified the +4 chain mail of Zueddy {rN+ Slay+3} (You took it off a deep elf master archer on level 3 of the Elven Halls)
 65590 | Lair:1   | Identified the +10 war axe of the Endless March {chop, rElec rPois SInv Stlth+} (Trog gifted it to you on level 11 of the Dungeon)
 65590 | Lair:1   | Cast into level 4 of the Abyss (a distortion unwield)
 65595 | Abyss:4  | Found a corrupted altar of Lugonu.
 65608 | Abyss:4  | Gained mutation: You regenerate slowly when monsters are visible. [a cacodemon]
 66068 | Lair:1   | Escaped the Abyss
 66409 | Crypt:1  | Entered Level 1 of the Crypt
 66683 | Crypt:1  | Received a gift from Trog
 66877 | Crypt:1  | Reached skill level 20 in Armour
 66889 | Crypt:1  | Reached skill level 21 in Fighting
 67389 | Crypt:2  | Received a gift from Trog
 67468 | Crypt:2  | Reached XP level 24. HP: 186/228 MP: 20/34
 67504 | Crypt:2  | HP: 49/228 [flayed ghost/flay_damage (25)]
 67564 | Crypt:2  | HP: 68/229 [ghoul (8)]
 67679 | Crypt:2  | HP: 66/231 [??? (52)]
 67711 | Crypt:2  | Noticed an ancient lich
 67714 | Crypt:2  | HP: 61/231 [flayed ghost/flay_damage (27)]
 67738 | Crypt:2  | Killed an ancient lich
 67742 | Crypt:2  | HP: 59/231 [flayed ghost/flay_damage (27)]
 67749 | Crypt:2  | HP: 39/231 [flayed ghost/flay_damage (23)]
 67855 | Crypt:2  | Reached skill level 22 in Fighting
 67862 | Crypt:2  | Received a gift from Trog
 67881 | Crypt:2  | HP: 48/231 [flayed ghost/flay_damage[a curse skull] (25)]
 68000 | Crypt:2  | Reached skill level 21 in Armour
 68490 | Crypt:2  | HP: 52/232 [flayed ghost/flay_damage[a curse skull] (25)]
 68558 | Crypt:2  | Gorice: sorry have to stop now
 69305 | Crypt:3  | Entered Level 3 of the Crypt
 69389 | Crypt:3  | Received a gift from Trog
 69806 | Crypt:3  | Found a staircase to the Tomb.
 69879 | Crypt:3  | Found an ancient bone altar of Kikubaaqudgha.
 69879 | Crypt:3  | Noticed an ancient lich
 69896 | Crypt:3  | Killed an ancient lich
 70062 | Crypt:3  | Reached skill level 23 in Fighting
 70087 | Crypt:3  | Received a gift from Trog
 70289 | Crypt:3  | Reached skill level 22 in Armour
 70348 | Crypt:3  | Got a steaming tin amulet
 70348 | Crypt:3  | Got a heavily runed marble ring
 70348 | Crypt:3  | Got a flickering steel ring
 70367 | Crypt:3  | Identified the ring of Dim Light {rC+ rN+ Dex+2 Slay+3} (You found it on level 3 of the Crypt)
 70369 | Crypt:3  | Identified the ring "Buonnaw" {rC+ rN+ MR+ Str+7 Dex+2} (You found it on level 3 of the Crypt)
 70370 | Crypt:3  | Identified the amulet "Qeizxoss" {Regen+ Stlth+} (You found it on level 3 of the Crypt)
 70372 | Crypt:3  | Identified a +2 rod of inaccuracy (14/14) (You found it on level 3 of the Crypt)
 70570 | Crypt:2  | Reached XP level 25. HP: 236/243 MP: 34/34
 71400 | Depths:1 | Entered Level 1 of the Depths
 71637 | Depths:1 | You fall through a shaft!
 71756 | Depths:2 | Received a gift from Trog
 72231 | Depths:1 | Noticed Sojobo
 72290 | Depths:1 | Killed Sojobo
 72521 | Depths:1 | Got a pair of faintly humming boots
 72541 | Depths:1 | Identified the +1 pair of boots of the Planets {+Inv MP-9 Str+4} (You found it on level 1 of the Depths)
 72776 | Depths:1 | Reached skill level 14 in Dodging
 72801 | Depths:1 | Reached skill level 24 in Fighting
 72893 | Depths:1 | Found a gateway to Hell.
 73175 | Depths:1 | HP: 73/245 [cyan very ugly thing[a boggart] (23)]
 73210 | Depths:1 | Received a gift from Trog
 73878 | Depths:2 | HP: 62/246 [sun demon (15)]
 73889 | Depths:2 | HP: 57/246 [swamp dragon] (1)]
 75159 | Depths:3 | Received a gift from Trog
 75265 | Depths:3 | Reached XP level 26. HP: 231/257 MP: 33/34
 75398 | Depths:3 | Found a gateway to a ziggurat.
 75441 | Depths:3 | Reached skill level 15 in Dodging
 75465 | Depths:3 | Paralysed by a floating eye for 3 turns
 75471 | Depths:3 | Paralysed by a floating eye for 3 turns
 75582 | Depths:3 | Reached skill level 25 in Fighting
 76362 | Depths:4 | Received a gift from Trog
 76521 | Depths:4 | Received a gift from Trog
 76601 | Depths:4 | HP: 63/259 [flayed ghost/flay_damage (31)]
 76633 | Depths:4 | Gained mutation: Armour fits poorly on your strangely shaped body. [a shining eye]
 76634 | Depths:4 | Lost mutation: Armour fits poorly on your strangely shaped body. [a shining eye]
 76688 | Depths:4 | Noticed a juggernaut
 76696 | Depths:4 | Killed a juggernaut
 77163 | Depths:4 | Found a one-way gate to the infinite horrors of the Abyss.
 77166 | Depths:4 | Reached skill level 16 in Dodging
 77293 | D:15     | Upgraded the game from 0.19.0-19-g8c6edcc to 0.19.0-20-gbc5f0c6
 77380 | Depths:5 | Entered Level 5 of the Depths
 77496 | Depths:5 | Paralysed by a great orb of eyes for 6 turns
 77639 | Depths:5 | Reached skill level 26 in Fighting
 77952 | Depths:5 | Noticed Jorgrun
 77967 | Depths:5 | Killed Jorgrun
 77967 | Depths:5 | Received a gift from Trog
 78280 | Depths:5 | Found a gate to the Realm of Zot.
 79022 | Vaults:5 | Entered Level 5 of the Vaults
 79031 | Vaults:4 | Reached XP level 27. HP: 264/270 MP: 34/34
 79202 | Vaults:4 | Reached skill level 23 in Armour
 79905 | Vaults:5 | Received a gift from Trog
 79934 | Vaults:5 | Reached skill level 27 in Fighting
 80064 | Vaults:5 | Got a silver rune of Zot
 80086 | Vaults:5 | Got a twitching diamond amulet
 80088 | Vaults:5 | Identified the amulet of Midsummer {Reflect Str+2 SH+6} (You found it on level 5 of the Vaults)
 80132 | Vaults:5 | Received a gift from Trog
 80639 | Vaults:5 | Reached skill level 24 in Armour
 81146 | Vaults:5 | Received a gift from Trog
 81209 | Vaults:5 | Reached skill level 17 in Dodging
 81527 | Vaults:4 | Received a gift from Trog
 81984 | Slime:1  | Entered Level 1 of the Pits of Slime
 82002 | Slime:1  | Noticed Lochraine's ghost (adept FoFi)
 82014 | Slime:1  | Killed Lochraine's ghost
 82152 | Slime:5  | Entered Level 5 of the Pits of Slime
 82180 | Slime:5  | Noticed the Royal Jelly
 82481 | Slime:5  | Paralysed by a floating eye for 4 turns
 82498 | Slime:5  | Received a gift from Trog
 82579 | Slime:5  | Reached skill level 25 in Armour
 82624 | Slime:5  | Found a viscous altar of Jiyva.
 82638 | Slime:5  | Killed the Royal Jelly
 82841 | Slime:5  | Got a flickering steel ring
 83071 | Slime:5  | Got a slimy rune of Zot
 83084 | Slime:5  | Identified the Catalogue of the Rocks and Flames
 83107 | Slime:5  | Got a brightly glowing brass ring
 83113 | Slime:5  | Identified the Disquisition on Destructive Air
 83118 | Slime:5  | Got a steaming scale mail
 83330 | Lair:1   | Identified the ring of Uhussuov {rElec MR+ Int+4 Stlth+} (You found it on level 5 of the Pits of Slime)
 83332 | Lair:1   | Identified the ring of Nueja {*Contam rElec Int+4 Dex+2 SInv} (You found it on level 5 of the Pits of Slime)
 83349 | Lair:1   | Identified the +2 scale mail of Muuv {*Drain +Fly MR- MP+9} (You found it on level 5 of the Pits of Slime)
 83687 | Elf:2    | You paid a toll of 16 scrolls of identify to enter a treasure trove
 83688 | Trove    | Entered a treasure trove
 83707 | Trove    | Got a transparent broad axe
 83714 | Trove    | Got a pair of transparent gloves
 83725 | Trove    | Identified the +2 pair of gloves "Juovvive" {+Blink rElec} (You found it in a treasure trove)
 83726 | Trove    | Got a steaming bone ring
 83730 | Trove    | Got a glittering marble ring
 83748 | Trove    | Identified the ring of Ascent {Int+2 Dex+3} (You found it in a treasure trove)
 83750 | Trove    | Identified the ring "Kenikh" {rC+ Slay+3 Stlth-} (You found it in a treasure trove)
 83757 | Trove    | Identified the +6 broad axe of Internal Strife {protect, Dex+3} (You found it in a treasure trove)
 84339 | Depths:4 | Voluntarily entered the Abyss.
 84391 | Abyss:1  | Found a corrupted altar of Lugonu.
 84521 | Abyss:1  | Gained mutation: You tend to lose your temper in combat. [a neqoxec]
 84692 | Abyss:1  | Reached skill level 18 in Dodging
 84731 | Abyss:1  | Found a corrupted altar of Lugonu.
 84766 | Abyss:1  | Received a gift from Trog
 85198 | Abyss:3  | Found a corrupted altar of Lugonu.
 85288 | Abyss:3  | Found a corrupted altar of Lugonu.
 85412 | Abyss:3  | Received a gift from Trog
 85468 | Abyss:3  | Found a corrupted altar of Lugonu.
 85771 | Abyss:4  | Reached skill level 26 in Armour
 85885 | Abyss:4  | Received a gift from Trog
 85992 | Abyss:4  | HP: 81/273 [wretched star/orb of energy (22)]
 86015 | Abyss:4  | HP: 64/273 [wretched star/orb of energy (21)]
 86052 | Abyss:4  | HP: 43/273 [purple draconian/bolt of dispelling energy (44)]
 86060 | Abyss:4  | HP: 39/273 [starcursed mass/accursed screaming (4)]
 86071 | Abyss:4  | HP: 33/273 [shadow dragon simulacrum (6)]
 86079 | Abyss:4  | HP: 35/273 [starcursed mass/accursed screaming (5)]
 86086 | Abyss:4  | HP: 33/273 [soul eater/drain life (2)]
 86092 | Abyss:4  | HP: 30/409 [raiju/living lightning (6)]
 86095 | Abyss:4  | Reached skill level 19 in Dodging
 86127 | Abyss:4  | HP: 58/273 [starcursed mass/accursed screaming (4)]
 86134 | Abyss:4  | HP: 41/273 [starcursed mass/accursed screaming (9)]
 86147 | Abyss:4  | HP: 52/273 [starcursed mass/accursed screaming (8)]
 86173 | Abyss:4  | Lost mutation: You tend to lose your temper in combat. [potion of cure mutation]
 86173 | Abyss:4  | Lost mutation: You regenerate slowly when monsters are visible. [potion of cure mutation]
 86173 | Abyss:4  | Lost mutation: You have sharp toenails. [potion of cure mutation]
 86178 | Abyss:4  | HP: 52/273 [large abomination (14)]
 86213 | Abyss:4  | HP: 66/273 [raiju/living lightning (4)]
 86243 | Abyss:4  | HP: 49/273 [lurking horror (30)]
 86250 | Abyss:4  | HP: 31/273 [lurking horror (illusionary) (19)]
 86294 | Abyss:4  | HP: 71/273 [freezing wraith (4)]
 86378 | Abyss:4  | HP: 55/273 [starcursed mass/accursed screaming (7)]
 86392 | Abyss:4  | HP: 59/273 [spatial maelstrom (9)]
 86404 | Abyss:4  | HP: 50/273 [fire bat (1)]
 86415 | Abyss:4  | HP: 31/273 [starcursed mass/accursed screaming (9)]
 86423 | Abyss:4  | HP: 27/273 [starcursed mass/accursed screaming (8)]
 86428 | Abyss:4  | HP: 37/273 [starcursed mass/accursed screaming (6)]
 86449 | Abyss:4  | HP: 28/273 [lich/bolt of acid (19)]
 86520 | Abyss:4  | Received a gift from Trog
 86530 | Abyss:4  | HP: 81/273 [raiju/living lightning (1)]
 86574 | Abyss:4  | HP: 81/273 [green death/poison arrow (13)]
 86580 | Abyss:4  | HP: 80/273 [poisoned by a green death (poison arrow)]
 86588 | Abyss:4  | HP: 81/273 [poisoned by a green death (poison arrow)]
 86813 | Abyss:4  | HP: 75/273 [starcursed mass/accursed screaming (8)]
 86818 | Abyss:4  | HP: 63/273 [starcursed mass/accursed screaming (8)]
 86826 | Abyss:4  | HP: 40/273 [large abomination (7)]
 86841 | Abyss:4  | HP: 50/273 [spatial maelstrom (4)]
 86874 | Abyss:4  | HP: 42/273 [starcursed mass/accursed screaming (10)]
 86880 | Abyss:4  | HP: 31/273 [starcursed mass/accursed screaming (5)]
 86891 | Abyss:4  | Received a gift from Trog
 86897 | Abyss:4  | HP: 24/273 [raiju/living lightning (3)]
 86934 | Depths:4 | Escaped the Abyss
 87316 | Depths:4 | Voluntarily entered the Abyss.
 87374 | Abyss:2  | Found a shadowy altar of Dithmenos.
 87551 | Abyss:2  | Gained mutation: You are dopey. (Int -2) [a cacodemon]
 87572 | Abyss:2  | Gained mutation: You are very dopey. (Int -4) [a cacodemon]
 87582 | Abyss:2  | Received a gift from Trog
 87818 | Abyss:3  | Found a stormy altar of Qazlal.
 87895 | Abyss:3  | Got an abyssal rune of Zot
 87903 | Depths:4 | Escaped the Abyss
 88490 | Elf:2    | Bought 2 potions of curing for 78 gold pieces
 88490 | Elf:2    | Bought a potion of cure mutation for 325 gold pieces
 88490 | Elf:2    | Bought a potion of curing for 39 gold pieces
 88490 | Elf:2    | Bought a potion of agility for 52 gold pieces
 88883 | Shoals:4 | Bought a scroll of remove curse for 42 gold pieces
 88883 | Shoals:4 | Bought a scroll of magic mapping for 49 gold pieces
 88883 | Shoals:4 | Bought a scroll of fog for 28 gold pieces
 88883 | Shoals:4 | Bought a scroll of enchant weapon for 105 gold pieces
 88883 | Shoals:4 | Bought a scroll of enchant armour for 105 gold pieces
 88883 | Shoals:4 | Bought a scroll of teleportation for 42 gold pieces
 88883 | Shoals:4 | Bought a scroll of teleportation for 42 gold pieces
 88883 | Shoals:4 | Bought a scroll of fog for 28 gold pieces
 88920 | Shoals:4 | Killed Ilsuiw
 89243 | Pan      | Entered Pandemonium
 89300 | Pan      | Reached skill level 27 in Armour
 89540 | Pan      | Noticed Daeddenoh the pandemonium lord
 89551 | Pan      | Killed Daeddenoh the pandemonium lord
 89551 | Pan      | Received a gift from Trog
 89661 | Pan      | Reached skill level 20 in Dodging
 89797 | Pan      | Got a demonic rune of Zot
 89811 | Pan      | Received a gift from Trog
 89841 | Pan      | Found an exit through the horrors of the Abyss.
 89870 | Orc:2    | Escaped Pandemonium
 89923 | Pan      | Entered Pandemonium
 89951 | Pan      | HP: 63/273 [??? (39)]
 89968 | Pan      | Noticed Lehaprepn the pandemonium lord
 89975 | Pan      | Gained mutation: Your magical capacity is low. (-10% MP) [a cacodemon]
 89984 | Pan      | Gained mutation: You are clumsy. (Dex -2) [a cacodemon]
 89984 | Pan      | HP: 55/273 [??? (34)]
 89987 | Pan      | Gained mutation: You are very clumsy. (Dex -4) [a cacodemon]
 90026 | Pan      | Lost mutation: You are very clumsy. (Dex -4) [potion of cure mutation]
 90026 | Pan      | Lost mutation: You are very dopey. (Int -4) [potion of cure mutation]
 90026 | Pan      | Lost mutation: Your magical capacity is low. (-10% MP) [potion of cure mutation]
 90026 | Pan      | Lost mutation: You are dopey. (Int -2) [potion of cure mutation]
 90026 | Pan      | Lost mutation: You are clumsy. (Dex -2) [potion of cure mutation]
 90452 | Pan      | Found an exit through the horrors of the Abyss.
 90483 | Pan      | Noticed Teemep the pandemonium lord
 90491 | Pan      | Killed Teemep the pandemonium lord
 90498 | Pan      | Reached skill level 21 in Dodging
 90516 | Pan      | HP: 62/273 [Hell Sentinel/iron shot (37)]
 90699 | Pan      | Found an exit through the horrors of the Abyss.
 90717 | Pan      | Identified the Catalogue of Arcane Weapons
 90761 | Pan      | Received a gift from Trog
 91283 | Pan      | Noticed Xigi the pandemonium lord
 91285 | Pan      | Reached skill level 16 in Evocations
 91293 | Pan      | Killed Xigi the pandemonium lord
 91301 | Orc:2    | Escaped Pandemonium
 91426 | Pan      | Entered the realm of Lom Lobon.
 91426 | Pan      | Entered Pandemonium
 92029 | Pan      | Received a gift from Trog
 92234 | Pan      | Noticed Lom Lobon
 92304 | Pan      | Killed Lom Lobon
 92327 | Pan      | Got a magical rune of Zot
 92661 | Pan      | Reached skill level 17 in Evocations
 92806 | Pan      | Found an exit through the horrors of the Abyss.
 92995 | Pan      | Entered the realm of Gloorx Vloq.
 93204 | Pan      | Received a gift from Trog
 93204 | Pan      | Reached skill level 22 in Dodging
 93210 | Pan      | Found an exit through the horrors of the Abyss.
 93378 | Pan      | HP: 64/273 [??? (41)]
 93403 | Pan      | HP: 72/273 [stone giant skeleton (10)]
 93639 | Pan      | Noticed Gloorx Vloq
 93658 | Pan      | Killed Gloorx Vloq
 93685 | Pan      | Got a dark rune of Zot
 94175 | Pan      | Found an exit through the horrors of the Abyss.
 94236 | Pan      | Received a gift from Trog
 94342 | Pan      | Gained mutation: You are frail. (-10% HP) [a cacodemon]
 94347 | Pan      | Gained mutation: You are surrounded by a mild repulsion field. (EV +2) [a cacodemon]
 94349 | Pan      | Reached skill level 18 in Evocations
 94358 | Pan      | Received a gift from Trog
 94365 | Pan      | Noticed Afoeh the pandemonium lord
 94376 | Pan      | Killed Afoeh the pandemonium lord
 94593 | Pan      | Received a gift from Trog
 94798 | Pan      | Found an exit through the horrors of the Abyss.
 94836 | Pan      | Reached skill level 23 in Dodging
 94968 | Orc:2    | Escaped Pandemonium
 95485 | Pan      | Entered Pandemonium
 95652 | Pan      | Noticed Quoha the pandemonium lord
 95673 | Pan      | Killed Quoha the pandemonium lord
 95755 | Pan      | Noticed Waapha the pandemonium lord
 95770 | Pan      | Killed Waapha the pandemonium lord
 95863 | Pan      | Found a runed door.
 95960 | Pan      | Received a gift from Trog
 96026 | Pan      | Gained mutation: You are weak. (Str -2) [a cacodemon]
 96034 | Pan      | Got a scintillating graven amulet
 96037 | Pan      | Identified the amulet of Qeshroysh {Harm *Drain rC+ Str+4 Int-4 Dex+5} (You took it off a torturous demonspawn in Pandemonium)
 96068 | Pan      | Found an exit through the horrors of the Abyss.
 96219 | Pan      | Noticed Utoluno the pandemonium lord
 96244 | Pan      | Killed Utoluno the pandemonium lord
 96309 | Pan      | Gained mutation: You have large cloven feet. [a cacodemon]
 96598 | Pan      | Reached skill level 19 in Evocations
 96881 | Pan      | Received a gift from Trog
 96898 | Pan      | Reached skill level 24 in Dodging
 97142 | Pan      | Noticed Parawei the pandemonium lord
 97148 | Pan      | Received a gift from Trog
 97370 | Pan      | Killed Parawei the pandemonium lord
 97797 | Pan      | HP: 71/243 [smoke demon/divine providence (14)]
 97804 | Pan      | HP: 52/243 [smoke demon/divine providence (13)]
 97806 | Pan      | Noticed Xoorph the pandemonium lord
 97807 | Pan      | Gained mutation: You are dopey. (Int -2) [a neqoxec]
 97810 | Pan      | HP: 51/245 [??? (31)]
 97821 | Pan      | Gained mutation: You occasionally shout uncontrollably at your foes. [a neqoxec]
 97839 | Pan      | Lost mutation: You are dopey. (Int -2) [potion of cure mutation]
 97839 | Pan      | Lost mutation: You are surrounded by a mild repulsion field. (EV +2) [potion of cure mutation]
 97839 | Pan      | Lost mutation: You have large cloven feet. [potion of cure mutation]
 97839 | Pan      | Lost mutation: You are frail. (-10% HP) [potion of cure mutation]
 97839 | Pan      | Lost mutation: You are weak. (Str -2) [potion of cure mutation]
 98124 | Pan      | HP: 63/273 [??? (39)]
 98474 | Pan      | Entered the realm of Cerebov.
 98744 | Pan      | Got twisted mottled dragon scales
 98944 | Pan      | Reached skill level 20 in Evocations
 98969 | Pan      | Identified Sif Muna's Compendium of Venomous Fire
 99040 | Pan      | Identified the +3 mottled dragon scales "Rod Anor" {+Fly rCorr} (You took it off a red devil in Pandemonium)
 99201 | Pan      | Received a gift from Trog
 99271 | Pan      | Noticed Cerebov
 99289 | Pan      | Killed Cerebov
 99289 | Pan      | Reached skill level 25 in Dodging
 99336 | Pan      | Got a fiery rune of Zot
 99372 | Pan      | Identified the Collected Works on Ice and Stones
 99522 | Pan      | Received a gift from Trog
 99547 | Pan      | Identified a +4 rod of inaccuracy (13/13) {!a} (You took it off an efreet in Pandemonium)
 99783 | Orc:2    | Escaped Pandemonium
100197 | Pan      | Entered the realm of Mnoleg.
100197 | Pan      | Entered Pandemonium
100199 | Pan      | --at least came stright in on Mnoleg's level
100202 | Pan      | Gained mutation: You expend magic power (3 MP) to strengthen your wands. [a cacodemon]
100205 | Pan      | Gained mutation: Scrolls take you a little longer to read. [a cacodemon]
100207 | Pan      | Gained mutation: Your muscles are strong. (Str +2) [a cacodemon]
100255 | Pan      | Gained mutation: You are occasionally teleported next to monsters. [a neqoxec]
100282 | Pan      | Gained mutation: You are frail. (-10% HP) [a neqoxec]
100439 | Pan      | Noticed Mnoleg
100444 | Pan      | Gained mutation: You tend to lose your temper in combat. [a neqoxec]
100468 | Pan      | Gained mutation: Your spells are a little easier to cast, but a little less powerful. [a neqoxec]
100484 | Pan      | Paralysed by a floating eye for 2 turns
100486 | Pan      | Gained mutation: Potions and wands are less effective at restoring your health. [Mnoleg's mutagenic touch]
100489 | Pan      | Paralysed by a floating eye for 2 turns
100491 | Pan      | Gained mutation: Scrolls take you longer to read. [a cacodemon]
100491 | Pan      | HP: 109/367 [??? (70)]
100493 | Pan      | HP: 53/367 [cacodemon (7)]
100501 | Pan      | HP: 21/245 [cacodemon (7)]
100504 | Pan      | Lost mutation: Potions and wands are less effective at restoring your health. [a cacodemon]
100506 | Pan      | HP: 44/245 [cacodemon (1)]
100509 | Pan      | Received a gift from Trog
100515 | Pan      | Killed Mnoleg
100530 | Pan      | Found an exit through the horrors of the Abyss.
100548 | Pan      | Gained mutation: You are very frail. (-20% HP) [a neqoxec]
100633 | Pan      | Reached skill level 11 in Throwing
100647 | Pan      | Gained mutation: Potions and wands are less effective at restoring your health. [a cacodemon]
100658 | Pan      | Received a gift from Trog
100721 | Pan      | Got a glowing rune of Zot
101024 | Pan      | Took an exit into the Abyss.
101024 | Abyss:1  | Escaped into the Abyss
101042 | Orc:2    | Escaped the Abyss
101249 | Lair:1   | Lost mutation: You expend magic power (3 MP) to strengthen your wands. [potion of cure mutation]
101249 | Lair:1   | Lost mutation: You are very frail. (-20% HP) [potion of cure mutation]
101249 | Lair:1   | Lost mutation: Your muscles are strong. (Str +2) [potion of cure mutation]
101249 | Lair:1   | Lost mutation: Potions and wands are less effective at restoring your health. [potion of cure mutation]
101249 | Lair:1   | Lost mutation: Scrolls take you longer to read. [potion of cure mutation]
101249 | Lair:1   | Lost mutation: You occasionally shout uncontrollably at your foes. [potion of cure mutation]
101249 | Lair:1   | Lost mutation: You tend to lose your temper in combat. [potion of cure mutation]
101250 | Lair:1   | Lost mutation: You are frail. (-10% HP) [potion of cure mutation]
101250 | Lair:1   | Lost mutation: Your spells are a little easier to cast, but a little less powerful. [potion of cure mutation]
101251 | Lair:1   | Lost mutation: Scrolls take you a little longer to read. [potion of cure mutation]
101251 | Lair:1   | Lost mutation: You are occasionally teleported next to monsters. [potion of cure mutation]
101473 | Hell     | Entered the Vestibule of Hell
101479 | Hell     | Noticed Geryon
101532 | Hell     | Killed Geryon
101537 | Hell     | Noticed Murray
101560 | Depths:1 | Killed Murray
101697 | Hell     | Received a gift from Trog
101697 | Hell     | Reached skill level 26 in Dodging
101732 | Hell     | Found a gateway to the ashen valley of Gehenna.
101755 | Geh:1    | Entered Level 1 of Gehenna
101784 | Geh:1    | Received a gift from Trog
101844 | Geh:2    | Reached skill level 12 in Throwing
102091 | Geh:5    | Received a gift from Trog
102365 | Geh:7    | Entered Level 7 of Gehenna
102396 | Geh:7    | Received a gift from Trog
102637 | Geh:7    | Reached skill level 13 in Throwing
102671 | Geh:7    | HP: 74/273 [??? (58)]
102683 | Geh:7    | HP: 81/273 [burnt (1)]
102847 | Geh:7    | Noticed the Serpent of Hell
102866 | Geh:7    | Killed the Serpent of Hell
102925 | Geh:7    | Received a gift from Trog
103276 | Geh:7    | Reached skill level 27 in Dodging
103443 | Geh:7    | Noticed Asmodeus
103462 | Geh:7    | Killed Asmodeus
103462 | Geh:7    | Reached skill level 14 in Throwing
103481 | Geh:7    | Got an obsidian rune of Zot
103678 | Hell     | Found a gateway to the freezing wastes of Cocytus.
103742 | Coc:1    | Entered Level 1 of Cocytus
103785 | Coc:2    | Received a gift from Trog
104185 | Coc:4    | Received a gift from Trog
104193 | Coc:4    | Reached skill level 15 in Throwing
104590 | Coc:5    | Gained mutation: Scrolls take you a little longer to read. [mutagenic glow]
104790 | Coc:5    | Reached skill level 21 in Evocations
104824 | Coc:5    | Received a gift from Trog
104885 | Coc:5    | Reached skill level 16 in Throwing
105144 | Coc:7    | Entered Level 7 of Cocytus
105208 | Coc:7    | Received a gift from Trog
105313 | Coc:7    | Received a gift from Trog
105357 | Coc:7    | Reached skill level 17 in Throwing
105527 | Coc:7    | Received a gift from Trog
105564 | Coc:7    | HP: 73/273 [torment (47)]
105617 | Coc:7    | Reached skill level 18 in Throwing
105683 | Coc:7    | Noticed Antaeus
105801 | Coc:7    | HP: 74/273 [Antaeus/ebony dire flail {speed} (47)]
105809 | Coc:7    | HP: 73/273 [Antaeus/flash freeze (21)]
105811 | Coc:7    | Killed Antaeus
105886 | Coc:7    | Got an icy rune of Zot
105922 | Coc:7    | Got a twitching iron ring
105933 | Coc:7    | Identified the ring of Fezaam {rElec rPois Dex+5} (You found it on level 7 of Cocytus)
105961 | Coc:7    | Got a clouded gossamer ring
105977 | Coc:7    | Identified the ring "Gerphito" {rC+ MR+ Stlth-} (You found it on level 7 of Cocytus)
106026 | Coc:7    | Reached skill level 22 in Evocations
106238 | Hell     | Found a gateway to the Iron City of Dis.
106244 | Hell     | Reached skill level 1 in Stealth
106254 | Dis:1    | Entered Level 1 of the Iron City of Dis
106306 | Dis:1    | Found a burning altar of Makhleb.
106365 | Dis:1    | Reached skill level 2 in Stealth
106487 | Dis:2    | Received a gift from Trog
106524 | Dis:2    | Reached skill level 3 in Stealth
106677 | Dis:2    | Reached skill level 19 in Throwing
106736 | Dis:2    | Reached skill level 4 in Stealth
107092 | Dis:3    | Received a gift from Trog
107142 | Dis:4    | Reached skill level 5 in Stealth
107278 | Dis:7    | Entered Level 7 of the Iron City of Dis
107428 | Dis:7    | Reached skill level 6 in Stealth
107518 | Dis:7    | Reached skill level 20 in Throwing
107703 | Dis:7    | Received a gift from Trog
107714 | Dis:7    | Reached skill level 7 in Stealth
107716 | Dis:7    | HP: 74/271 [hellion/damnation (36)]
107718 | Dis:7    | Noticed Dispater
107722 | Dis:7    | HP: 73/271 [quicksilver dragon (5)]
107727 | Dis:7    | HP: 50/273 [Brimstone Fiend (7)]
107735 | Dis:7    | HP: 74/273 [war gargoyle/flail (8)]
107740 | Dis:7    | HP: 71/273 [war gargoyle/dire flail (10)]
107845 | Dis:7    | Got an ichor-stained cloak
107866 | Dis:7    | Identified the +2 cloak of Zunoaguh {MR+ rCorr Stlth+} (You found it on level 7 of the Iron City of Dis)
107867 | Dis:7    | --nice cloak
107888 | Dis:7    | Got a scintillating wooden ring
107892 | Dis:7    | Identified the cursed ring "Tesh" {rN+ AC-4 Dex+4} (You found it on level 7 of the Iron City of Dis)
108044 | Dis:7    | Identified the Grimoire of Dusty Transmigration
108078 | Dis:7    | Got a brightly glowing glass ring
108083 | Dis:7    | Identified the ring "Yguvy" {rCorr rF+ MR+++ Int+2 Stlth+} (You found it on level 7 of the Iron City of Dis)
108105 | Dis:7    | Reached skill level 8 in Stealth
108275 | Dis:7    | HP: 67/273 [???[Dispater] (53)]
108280 | Dis:7    | HP: 59/273 [Executioner[Dispater] (5)]
108291 | Dis:7    | HP: 81/273 [Executioner[Dispater] (9)]
108297 | Dis:7    | HP: 59/273 [Dispater/golden staff (27)]
108311 | Dis:7    | HP: 64/273 [iron golem (5)]
108340 | Dis:7    | HP: 73/273 [hellion/damnation (38)]
108351 | Dis:7    | HP: 51/273 [hellion/damnation (30)]
108363 | Dis:7    | HP: 78/273 [reaper/vampiric scythe (6)]
108464 | Dis:7    | Reached skill level 21 in Throwing
108486 | Dis:7    | HP: 80/273 [??? (63)]
108494 | Dis:7    | HP: 72/273 [Ice Fiend/bolt of cold (14)]
108866 | Hell     | Found a gateway to the decaying netherworld of Tartarus.
108871 | Hell     | Received a gift from Trog
108944 | Tar:1    | Entered Level 1 of Tartarus
109056 | Hell     | Reached skill level 9 in Stealth
109548 | Tar:5    | Received a gift from Trog
109551 | Tar:5    | Reached skill level 10 in Stealth
109904 | Tar:6    | Received a gift from Trog
109959 | Tar:6    | Reached skill level 22 in Throwing
110211 | Tar:7    | Entered Level 7 of Tartarus
110368 | Tar:7    | Reached skill level 11 in Stealth
110431 | Tar:7    | Noticed Ereshkigal
110492 | Tar:7    | HP: 81/271 [??? (51)]
110515 | Tar:7    | HP: 71/271 [reaper/scythe of venom (25)]
110520 | Tar:7    | HP: 69/271 [poisoned by a reaper]
110526 | Tar:7    | HP: 69/271 [poisoned by a reaper]
110556 | Tar:7    | Got a bone rune of Zot
110589 | Tar:7    | HP: 54/273 [???[the effects of Hell] (34)]
111133 | Dis:5    | HP: 78/268 [??? (50)]
111147 | Dis:5    | HP: 48/273 [??? (30)]
111150 | Dis:5    | Received a gift from Trog
111605 | Hell     | Reached skill level 12 in Stealth
112265 | Dis:7    | Received a gift from Trog
112326 | Dis:7    | Reached skill level 23 in Throwing
112383 | Dis:7    | Killed Dispater
112383 | Dis:7    | Reached skill level 13 in Stealth
112411 | Dis:7    | Got a twisted plate armour
112413 | Dis:7    | Got an iron rune of Zot
112423 | Dis:7    | Identified the +10 plate armour of Eternal Night {Int+2} (You found it on level 7 of the Iron City of Dis)
113286 | Tomb:1   | Entered Level 1 of the Tomb of the Ancients
113739 | Tomb:1   | Received a gift from Trog
114090 | Tomb:1   | Reached skill level 14 in Stealth
114115 | Tomb:1   | Noticed a greater mummy
114129 | Tomb:1   | Killed a greater mummy
114291 | Tomb:2   | Noticed a greater mummy
114291 | Tomb:2   | Noticed a greater mummy
114291 | Tomb:2   | Noticed a greater mummy
114291 | Tomb:2   | Noticed a greater mummy
114476 | Tomb:1   | HP: 71/265 [greater mummy/divine providence (11)]
114480 | Tomb:1   | Killed a greater mummy
114853 | Tomb:1   | Killed a greater mummy
115106 | Tomb:1   | Killed a greater mummy
115106 | Tomb:1   | Received a gift from Trog
115263 | Tomb:2   | Killed a greater mummy
115513 | Tomb:1   | Noticed a greater mummy
115518 | Tomb:1   | Killed a greater mummy
115527 | Tomb:1   | Noticed a greater mummy
115529 | Tomb:1   | Noticed a greater mummy
115541 | Tomb:1   | Killed a greater mummy
115541 | Tomb:1   | Reached skill level 15 in Stealth
115543 | Tomb:1   | Killed a greater mummy
115553 | Tomb:1   | Noticed a greater mummy
115561 | Tomb:1   | Killed a greater mummy
115561 | Tomb:1   | Reached skill level 24 in Throwing
115755 | Tomb:1   | Noticed a greater mummy
115779 | Tomb:1   | Killed a greater mummy
115832 | Tomb:1   | Noticed a greater mummy
115838 | Tomb:1   | Killed a greater mummy
115893 | Tomb:1   | Noticed a greater mummy
115908 | Tomb:1   | Killed a greater mummy
116006 | Tomb:1   | Noticed a greater mummy
116013 | Tomb:1   | Killed a greater mummy
116031 | Tomb:1   | Noticed a greater mummy
116070 | Tomb:1   | Killed a greater mummy
116090 | Tomb:1   | Noticed a greater mummy
116091 | Tomb:1   | Noticed a greater mummy
116093 | Tomb:1   | Noticed a greater mummy
116130 | Tomb:1   | Killed a greater mummy
116142 | Tomb:1   | Noticed a greater mummy
116143 | Tomb:1   | Killed a greater mummy
116144 | Tomb:1   | HP: 61/266 [??? (39)]
116148 | Tomb:1   | Killed a greater mummy
116154 | Tomb:1   | HP: 39/266 [emperor scorpion[a greater mummy] (8)]
116158 | Tomb:1   | Killed a greater mummy
116160 | Tomb:1   | Noticed a greater mummy
116247 | Tomb:1   | Killed a greater mummy
116520 | Tomb:1   | Noticed a greater mummy
116521 | Tomb:1   | Noticed a greater mummy
116527 | Tomb:1   | Killed a greater mummy
116531 | Tomb:1   | Killed a greater mummy
116531 | Tomb:1   | Received a gift from Trog
117026 | Tomb:3   | Entered Level 3 of the Tomb of the Ancients
117163 | Tomb:2   | Received a gift from Trog
117627 | Tomb:2   | Reached skill level 23 in Evocations
117763 | Tomb:3   | Noticed a greater mummy
117926 | Tomb:3   | Noticed a greater mummy
117927 | Tomb:3   | Noticed a greater mummy
117959 | Tomb:3   | Noticed a greater mummy
117991 | Tomb:3   | Noticed an ancient lich
118107 | Tomb:2   | Killed a greater mummy
118186 | Tomb:3   | Noticed Khufu
118324 | Tomb:3   | Noticed a greater mummy
118523 | Tomb:2   | HP: 75/257 [mummy priest/divine providence (14)]
118723 | Tomb:3   | Noticed a greater mummy
118727 | Tomb:2   | HP: 54/257 [??? (33)]
118728 | Tomb:2   | HP: 19/273 [dire elephant zombie[a greater mummy] (9)]
118733 | Tomb:2   | HP: 12/273 [ancient lich/crystal spear (29)]
118738 | Tomb:2   | HP: 47/273 [??? (29)]
118742 | Tomb:3   | HP: 20/273 [mummy priest/divine providence (17)]
118742 | Tomb:3   | HP: 7/273 [??? (3)]
118746 | Tomb:3   | Slain by a golden dragon skeleton

Skill      XL: |  1  2  3  4  5  6  7  8  9 10 11 12 13 14 15 16 17 18 19 20 21 22 23 24 25 26 27 |
---------------+----------------------------------------------------------------------------------+-----
Axes           | 5 6 7 8 10 12 13 14 16 17 19 20 22 25 26 | 26.0
Armour         | 3 4 5 7 8 10 12 15 16 18 19 20 22 27 | 27.0
Evocations     | 4 8 9 11 12 14 15 23 | 23.3
Fighting       | 7 11 12 14 15 16 18 20 21 23 24 26 27 | 27.0
Dodging        | 6 10 11 13 14 16 27 | 27.0
Throwing       | 4 9 10 24 | 24.9
Stealth        | 15 | 15.1

Action                   |  1- 3 |  4- 6 |  7- 9 | 10-12 | 13-15 | 16-18 | 19-21 | 22-24 | 25-27 || total
-------------------------+-------+-------+-------+-------+-------+-------+-------+-------+-------++-------
Melee: Hand axe          |    90 |   433 |   585 |   304 |       |       |       |       |       ||  1412
       War axe           |       |       |       |    42 |       |       |       |       |       ||    42
       Battleaxe         |       |       |       |   536 |  1387 |  1341 |  1791 |  1239 |       ||  6294
       Executioner's axe |       |       |       |       |       |       |       |   780 |  8484 ||  9264
 Fire: Hunting sling     |       |       |       |    28 |    28 |       |       |       |       ||    56
       Blowgun           |       |       |       |       |       |       |     1 |       |       ||     1
Throw: Stone             |       |     3 |       |       |       |       |       |       |       ||     3
       Tomahawk          |       |       |    14 |     1 |    13 |     4 |       |       |       ||    32
       Throwing net      |       |       |       |     6 |       |       |     4 |       |       ||    10
       Javelin           |       |       |       |       |       |     8 |    46 |    14 |   102 ||   170
Invok: Berserk           |       |     2 |     6 |     9 |     3 |     1 |       |       |     1 ||    22
       Burn Spellbooks   |       |       |       |     2 |     1 |       |       |       |       ||     3
       Brothers in Arms  |       |       |       |     1 |     5 |     5 |       |     2 |    17 ||    30
       Trog's Hand       |       |       |       |       |       |       |       |       |    26 ||    26
 Abil: Evoke Invisibilit |       |       |       |     1 |     1 |       |       |       |       ||     2
       Evoke Flight      |       |       |       |       |       |       |       |       |     9 ||     9
       Evoke Blink       |       |       |       |       |       |       |       |       |     7 ||     7
       Stop Flying       |       |       |       |       |       |       |       |       |     1 ||     1
Evoke: Wand              |       |       |     2 |     4 |     3 |       |     2 |       |    30 ||    41
       Rod               |       |       |     4 |     6 |    11 |     7 |     6 |       |    28 ||    62
       Phantom mirror    |       |       |       |       |       |       |       |       |     4 ||     4
  Use: Scroll            |     2 |     6 |    14 |    11 |    13 |     5 |     7 |    11 |    60 ||   129
       Potion            |       |       |     1 |     2 |     1 |     6 |     9 |     5 |    50 ||    74
 Stab: Invisible         |       |       |       |     9 |     2 |       |       |       |       ||    11
       Held in net/web   |       |       |       |     5 |       |       |     3 |       |       ||     8
       Confused          |       |       |       |       |     1 |       |       |       |       ||     1
       Distracted        |       |       |       |       |     1 |     2 |     2 |       |    14 ||    19
       Petrified         |       |       |       |       |       |       |       |     1 |       ||     1
       Petrifying        |       |       |       |       |       |       |       |       |     1 ||     1
  Eat: Chunk             |     1 |     6 |    16 |    29 |    43 |    27 |    38 |    24 |    60 ||   244
       Meat ration       |       |     1 |     1 |     1 |     1 |     4 |     2 |     4 |    20 ||    34
       Pizza             |       |     1 |     1 |       |     1 |     2 |       |     1 |     1 ||     7
       Beef jerky        |       |       |       |     1 |       |       |     1 |     1 |       ||     3
       Royal jelly       |       |       |       |       |     1 |     1 |       |       |     4 ||     6
       Bread ration      |       |       |       |       |     1 |       |       |     1 |     5 ||     7
       Fruit             |       |       |       |       |       |     2 |       |       |       ||     2
Armor: Animal skin       |     3 |       |       |       |       |       |       |       |       ||     3
       Chain mail        |    48 |   199 |   316 |   518 |    61 |   282 |       |   411 |   527 ||  2362
       Plate armour      |       |       |       |       |   655 |   246 |   704 |   507 |       ||  2112
       Gold dragon scale |       |       |       |       |       |       |       |       |  3411 ||  3411
Dodge: Dodged            |    56 |   129 |   186 |   409 |   473 |   775 |   822 |   898 |  7728 || 11476
Block: Other             |       |       |       |       |    31 |   102 |   147 |    47 |       ||   327
       Reflection        |       |       |       |       |     4 |    13 |    14 |     6 |       ||    37

Table legend:
 A = Turns spent in this place as a percentage of turns spent in the entire game.
 B = Non-inter-level travel turns spent in this place as a percentage of non-inter-level travel turns spent in the entire game.
 C = Inter-level travel turns spent in this place as a percentage of turns spent in this place.
 D = Turns resting spent in this place as a percentage of non-inter-level travel turns spent in this place.
 E = Turns spent auto-exploring this place as a percentage of non-inter-level travel turns spent in this place.
 F = Non-inter-level travel turns spent in this place divided by the number of levels of this place that you've seen.
                   A       B       C       D       E      F
               +-------+-------+-------+-------+-------+----------------------
         Total | 100.0 | 100.0 |   0.5 |   2.9 |   2.5 | 427.0
       Dungeon |  12.0 |  12.0 |   1.1 |   2.6 |   5.5 | 449.2
        Temple |   0.0 |   0.0 |   9.1 |   0.0 |  70.0 |  10.0
          Lair |   5.4 |   5.3 |   1.8 |   3.1 |   4.6 | 499.5
        Shoals |   5.2 |   5.2 |   0.4 |   3.8 |   2.3 | 733.2
     Snake Pit |   4.6 |   4.6 |   0.2 |   6.9 |   4.2 | 648.2
    Slime Pits |   1.3 |   1.3 |   0.4 |   3.4 |   0.0 | 148.4
  Orcish Mines |   2.2 |   2.2 |   1.5 |   4.9 |   2.5 | 615.0
   Elven Halls |   4.9 |   4.9 |   0.5 |   1.8 |   3.0 | 926.7
        Vaults |  10.0 |  10.0 |   0.4 |   2.6 |   2.4 | 1122.4
         Crypt |   3.5 |   3.5 |   0.4 |   0.7 |   4.1 | 657.0
          Tomb |   3.6 |   3.7 |   0.0 |   6.5 |   0.2 | 688.7
        Depths |   6.2 |   6.2 |   0.5 |   2.2 |   4.2 | 696.2
          Hell |   1.1 |   1.1 |   1.3 |   2.0 |   0.0 | 594.0
           Dis |   4.6 |   4.6 |   0.9 |   2.4 |   1.5 | 372.1
       Gehenna |   3.4 |   3.4 |   0.0 |   1.7 |   0.1 | 273.1
       Cocytus |   4.1 |   4.1 |   0.0 |   1.8 |   0.8 | 333.0
      Tartarus |   2.1 |   2.1 |   0.0 |   1.2 |   3.3 | 172.7
         Abyss |   6.1 |   6.2 |   0.0 |   3.4 |   0.9 | 386.7
   Pandemonium |  14.6 |  14.7 |   0.0 |   2.5 |   0.8 | 259.1
     Labyrinth |   0.5 |   0.5 |   0.0 |   0.7 |   0.0 | 289.0
         Trove |   0.1 |   0.1 |   0.0 |   0.0 |   0.0 |  55.0
       Ossuary |   1.1 |   1.1 |   0.0 |   1.9 |   0.2 | 622.0
        Bailey |   1.2 |   1.2 |   0.0 |   2.8 |   0.3 | 654.0
      Ice Cave |   0.9 |   0.9 |   0.0 |   5.8 |   1.9 | 531.0
        Wizlab |   1.1 |   1.1 |   0.0 |   2.5 |   0.5 | 634.0
               +-------+-------+-------+-------+-------+----------------------

Vault maps used:
D:1:      saegor_arrival_fortress, minivault_11
D:2:      grunt_ministairs_8, minmay_gold_behind_fungi, uniq_crazy_yiuf_cottage
D:3:      old_standard_altar, tgw_trog
D:4:      cheibriados_altar_1, gup_ossuary_entry_pyramid
D:5:      nicolae_qazlal_general_emergency, okawaru_metal_pillars_1_2,
          first_bread, grunt_tough_drop, uniq_grinder, uniq_eustachio,
          uniq_prince_ribbit1
D:6:      serial_shops, shop, shop, shop,
          nicolae_shop_competitors_out_of_business, nicolae_shop_trees,
          minmay_misc_feat_five, uniq_pikel
D:7:      cheibrodos_iron_armory, overflow_temple_1_default, uniq_menkaure
D:8:      serial_shops, shop, enter_bailey_8, uniq_psyche, uniq_gastronok,
          uniq_erica
D:9:      lemuel_doored_altar, lair_0_dummy, serial_shops, shop, uniq_maurice
D:10:     blue_anna_alchemist
D:11:     minmay_goldmine, special_room, serial_glass, glass_columns_a,
          glass_columns_b, glass_columns_a, glass_columns_c, glass_columns_a,
          glass_columns_b, glass_columns_a, glass_columns_a, serial_park_tiny_1,
          disabler_island
D:12:     evilmike_diamond_2, minmay_orc_entry_temple_small
D:13:     wad_statue_garden, lab_entry_generic, uniq_urug
D:14:     erik_vaults_1, serial_shops, shop, nicolae_ru_sacrificial_ziggurat
D:15:     hangedman_depths_entry_civil_slaughter, fedhas_altar_4,
          elyvilon_altar_5
Temple:   eino_temple_lava
Lair:1:   serial_bayou_pond_c, serial_bayou_lagoon_a
Lair:2:   minmay_snake_entry_guardpost_small
Lair:3:   portal_ice_cave_demonic_guard
Lair:4:   minmay_shoals_entry_hut, beast_lair_carwin_8, uniq_sonja
Lair:5:   slime_altar_1, infiniplex_staircase_pool
Lair:6:   hangedman_lair_in_review, wormcave
Shoals:2: serial_shops, shop_statue, shop, shop_statue, shop, shop,
          yaktaur_hedge, uniq_polyphemus, uniq_louise
Shoals:4: shoals_end_simple, shoals_ilsuiw_alternative, serial_shops,
          nicolae_shop_crystal, uniq_nikola
Snake:1:  nicolae_snake_shapes
Snake:2:  basic_altar
Snake:3:  special_room, st_stairs_13, nicolae_snake_serpentine_hallways,
          serial_bayou_shore_b, grunt_megastairs_2
Snake:4:  snake_pit, nrook_guardian_serpent_double
Slime:1:  cheibrodos_slime_lost_civilization_1, nicolae_slime_phagocytosis
Slime:2:  nicolae_slime_welcoming_committee
Slime:3:  nicolae_slime_barrier
Orc:1:    serial_shops, shop, bloody_makhleb
Orc:2:    pf_orc_diabolical
Elf:1:    eino_elf_arrival_customs, hangedman_elf_disciples, nooodl_food_tri
Elf:2:    enter_trove_3, kilobyte_rumbling_trees, minmay_shop_star
Elf:3:    elf_hall, mu_enter_wizlab_6, grunt_megastairs_3, minmay_shop_grove
Vaults:1: vaults_dpeg_ring, vaults_room_corners, v_pattern_3,
          hangedman_vaults_corner, hangedman_vaults_cutoff,
          vaults_mumra_minichess_inversion, nicolae_vaults_holding_cells,
          v_misc_32, serial_shops, shop
Vaults:2: v_misc_18, ontoclasm_vaults_decontamination, v_misc_24, v_misc_24,
          vaults_room_grunt_arrival_ludios, v_misc_26, v_misc_16,
          st_smaller_cells, v_rooms_3, ontoclasm_vaults_hangar,
          nicolae_vaults_little_squares_5, ontoclasm_vaults_fault
Vaults:3: hangedman_vaults_corner_blocks, nicolae_vaults_halls_meeting,
          v_pattern_1, vaults_room_fancy_cross,
          minmay_crypt_entry_skeletal_spiral, nicolae_vaults_little_squares_2,
          nicolae_vaults_ring_of_whatevers, nicolae_vaults_network_periphery,
          nicolae_vaults_mini_display_case, ontoclasm_vaults_loading_screen,
          nicolae_vaults_network_square, hangedman_vaults_slice
Vaults:4: v_misc_17, grunt_vaults_funnel, nicolae_vaults_network_star,
          nicolae_vaults_network_quinsquares, vaults_room_guarded_vault,
          vaults_room_corners, v_misc_33, nicolae_vaults_asterisk,
          vaults_room_hallway, uniq_jory
Vaults:5: serial_shops
Crypt:1:  hex_medium, hangedman_batty
Crypt:2:  grunt_deathspiral_small, eino_tiny_chamber
Crypt:3:  cryptofortress_bobbens
Depths:1: nicolae_sextant, pf_coc_iceberg, grunt_ministairs_9,
          kennysheep_doodads, minmay_misc_feat_hallway,
          small_chamber_with_monster, minmay_misc_feat_doors, eino_tiny_chamber,
          feat_on_display, uniq_sojobo
Depths:2: onia_ninara_swampy_vault, lightli_too_deep, minmay_splitting_lines,
          serial_bayou_shore_a
Depths:3: kennysheep_windowed_halls, enter_ziggurat_b, hell_entry, pan_entry,
          kennysheep_cross_room, hangedman_decor_opposing
Depths:4: minmay_open_boxes_in_corner, marbit_kobold_abyss_entry,
          pf_hell_entry_tar_river, hangedman_decor_diamond_cutter,
          kennysheep_just_a_vault, infiniplex_staircase_spiral_double
Depths:5: evilmike_zot_entry_hall, grunt_decor_resistance, hell_entry,
          uniq_jorgrun
Dis:1:    kennysheep_iron_temple
Dis:5:    grunt_megastairs_4
Dis:7:    iron_city_of_dis, nrook_loot_triangle
Geh:2:    hangedman_gehenna_grave_pits
Geh:3:    nicolae_geh_amphitheater
Geh:4:    minmay_firetagon, lemuel_flamethrower_3
Geh:5:    hangedman_elemental_grid_stream
Geh:6:    hangedman_hellfire_club
Geh:7:    geh_old
Coc:7:    coc_grunt_cove
Tar:1:    nicolae_tar_cuneiform_city
Tar:2:    hangedman_damned_closets
Tar:4:    nicolae_tar_cuneiform_three
Tar:7:    tar_grunt_cathedral
Abyss:1:  minivault_23, evilmike_abyss_exit_15
Abyss:2:  hangedman_cross_veins
Abyss:3:  evilmike_abyss_rune_siren_acolytes, evilmike_abyss_exit_8,
          hangedman_decor_lopped, dshaligram_kb_abyss_rune_zappy_water_cross,
          minivault_1
Abyss:4:  hangedman_abyss_exit_choices, hangedman_abyss_rune_macabre_mess
Pan:      evilmike_mini_pan_V, evilmike_mini_pan_corridor,
          evilmike_mini_pan_doors_b, rand_demon_1, grunt_pan_pentagram,
          rand_demon_8, evilmike_mini_pan_doors, lemuel_hellion_island,
          grunt_pan_sceptre, nicolae_pan_mnolegish_5, lom_lobon_grunt,
          nicolae_pan_lom_lobonic_3, evilmike_mini_pan_3x3, rand_demon_1,
          nicolae_pan_sigil_itan, gloorx_vloq_grunt, nicolae_pan_cerebovesque_2,
          grunt_pan_frozen_over, nicolae_pan_glass_arcs, rand_demon_5,
          pan_blood_fountain_small, evilmike_mini_pan_corner,
          evilmike_mini_pan_doors_b, pan_blood_fountain_small,
          evilmike_mini_pan_doors, pan_blood_fountain, pan_blood_fountain_small,
          regret_index_pan_draining_boxed, evilmike_mini_pan_possible_glass,
          pan_blood_fountain_small, nicolae_pan_hourglass, pan_blood_fountain,
          pan_blood_fountain_small, rand_demon_1, evilmike_mini_pan_layers,
          pan_blood_fountain_small, pan_blood_fountain_2,
          evilmike_mini_pan_layers, grunt_pan_sceptre, pan_blood_fountain,
          nicolae_pan_lom_lobonic_1, grunt_pan_spiral, pan_blood_fountain_small,
          evilmike_mini_pan_corner, pan_blood_fountain,
          pan_blood_fountain_small, evilmike_mini_pan_corner, cerebov_st,
          pan_blood_fountain_small, reaverb_pan_squares,
          evilmike_mini_pan_layers, nicolae_pan_mnolegish_1, mnoleg_st,
          pan_blood_fountain_small
Lab:      labyrinth_mini_lab
Trove:    trove_simple
Ossuary:  ossuary_zaba_two_paths
Bailey:   bailey_polearm_gnolls_kennysheep, bailey
IceCv:    ice_cave_small_giant
WizLab:   wizlab_demon
